 Dungeon Crawl Stone Soup version 0.22-a0-469-gf26638a (webtiles) character file.

1216701 pk666 the Archmage (level 27, -1/199 HPs)
             Began as a Deep Elf Fire Elementalist on June 8, 2018.
             Was the Champion of Vehumet.
             Killed from afar by a Hell Sentinel (42 damage)
             ... with damnation
             ... in Pandemonium on June 12, 2018.
             The game lasted 22:10:52 (119037 turns).

pk666 the Archmage (Deep Elf Fire Elementalist)   Turns: 119037, Time: 22:10:53

Health: -1/199     AC: 20    Str: 12    XL:     27
Magic:  0/76       EV: 32    Int: 39    God:    Vehumet [******]
Gold:   8151       SH:  0    Dex: 17    Spells: 0/80 levels left

rFire    + + +     SeeInvis +   Y - staff of power
rCold    + + +     Gourm    .   (no shield)
rNeg     + + +     Faith    .   a - +4 moon troll leather armour {Spirit, Regen++ MP+5}
rPois    +         Spirit   +   F - -2 hat of the Alchemist {rElec rPois rF+ rC+ rN+ MR+ rMut rCorr}
rElec    +         Reflect  .   D - +4 dragonskin cloak
rCorr    +         Harm     .   d - +2 pair of gloves "Tushuad" {rF+ MR+}
rMut     +                      T - +2 pair of boots {run}
MR       +++++                  k - amulet "Votrut Ebith" {RegenMP rElec Str+4 Slay-3 SInv}
Stlth    ++........             q - ring of the Genius {rF+ rC+ rN+ MR++ Dex+2}
HPRegen  1.23/turn              Q - ring of Attuwn {rF+ rC+ rN+ Str+3 Int+5}
MPRegen  0.70/turn

@: quick
A: blink
}: 8/15 runes: decaying, slimy, silver, golden, icy, abyssal, demonic, gossamer
a: Blink, Renounce Religion


You were in Pandemonium.
You worshipped Vehumet.
Vehumet was exalted by your worship.
You were not hungry.

You visited 15 branches of the dungeon, and saw 69 of its levels.
You visited Pandemonium 1 time, and saw 5 of its levels.
You visited the Abyss 1 time.
You visited 2 bazaars.
You visited 2 ziggurats (completing 1), and saw 50 of their levels.
You also visited: Trove and Ice Cave.

You collected 13766 gold pieces.
You spent 5615 gold pieces at shops.

Inventory:

Hand Weapons
 h - the +11 quarterstaff "Sihu Alipt" {elec, Int+4}
   (You found it on level 4 of a ziggurat)

   Occasionally, upon striking a foe, it will discharge some electrical energy
   and cause terrible harm.
   It affects your intelligence (+4).
 S - the +7 lajatang of Order {silver, rMut}
   (You found it on level 10 of a ziggurat)

   It protects you from mutation.
 Z - the +9 staff of Olgreb {rPois}
   (You found it on level 12 of a ziggurat)

   It protects you from poison.
Armour
 a - the +4 moon troll leather armour (worn) {Spirit, Regen++ MP+5}
   (You found it on level 19 of a ziggurat)

   It affects your magic capacity (+5).
   It increases your rate of regeneration.
 d - the +2 pair of gloves "Tushuad" (worn) {rF+ MR+}
   (You acquired it on level 13 of a ziggurat)

   It protects you from fire.
   It affects your resistance to hostile enchantments.
 n - the +3 hat of Pondering {ponderous, MR+ MP+10 Int+5}
   (You found it on level 5 of the Pits of Slime)

   It affects your intelligence (+5).
   It affects your resistance to hostile enchantments.
   It affects your magic capacity (+10).
 D - the +4 dragonskin cloak (worn)
   (You took it off Tiamat on level 4 of the Realm of Zot)
 F - the -2 hat of the Alchemist (worn) {rElec rPois rF+ rC+ rN+ MR+ rMut rCorr}
   (You found it on level 10 of a ziggurat)

   It protects you from fire.
   It protects you from cold.
   It insulates you from electricity.
   It protects you from poison.
   It protects you from negative energy.
   It affects your resistance to hostile enchantments.
   It protects you from acid and corrosion.
   It protects you from mutation.
 T - a +2 pair of boots of running (worn)
Magical Staves
 K - an uncursed staff of conjuration
 Y - an uncursed staff of power (weapon)
Jewellery
 k - the amulet "Votrut Ebith" (around neck) {RegenMP rElec Str+4 Slay-3 SInv}
   (You bought it in a shop in a bazaar)

   [amulet of magic regeneration]

   It increases your magic regeneration.
   It affects your strength (+4).
   It affects your accuracy and damage with ranged weapons and melee attacks
   (-3).
   It insulates you from electricity.
   It lets you see invisible.
 q - the ring of the Genius (left hand) {rF+ rC+ rN+ MR++ Dex+2}
   (You found it on level 17 of a ziggurat)

   [ring of protection from cold]

   It affects your dexterity (+2).
   It protects you from fire.
   It protects you from cold.
   It protects you from negative energy.
   It affects your resistance to hostile enchantments.
 P - the amulet of Vitality {Regen+ HP+15}
   (You found it on level 22 of a ziggurat)

   [amulet of regeneration]

   It affects your health (+15).
   It increases your rate of regeneration.
 Q - the ring of Attuwn (right hand) {rF+ rC+ rN+ Str+3 Int+5}
   (You found it on level 11 of a ziggurat)

   [ring of intelligence]

   It affects your strength (+3).
   It affects your intelligence (+5).
   It protects you from fire.
   It protects you from cold.
   It protects you from negative energy.
Wands
 u - a wand of digging (64)
 v - a wand of iceblast (17)
 y - a wand of clouds (9)
 A - a wand of flame (61)
 H - a wand of acid (31)
 I - a wand of paralysis (18)
 O - a wand of polymorph (64)
Scrolls
 b - 9 scrolls of blinking
 f - 57 scrolls of remove curse
 g - 21 scrolls of amnesia
 i - 42 scrolls of teleportation
 l - 24 scrolls of fog
 o - 10 scrolls of fear
 s - 5 scrolls of identify
 x - 11 scrolls of holy word
 C - 18 scrolls of magic mapping
 J - a scroll of enchant weapon
 M - a scroll of summoning
 N - 2 scrolls of brand weapon
 R - a scroll of silence
Potions
 j - 17 potions of curing
 m - 4 potions of cancellation
 p - 9 potions of haste
 r - a potion of invisibility
 w - 3 potions of ambrosia
 z - 18 potions of flight
 B - 3 potions of resistance
 E - 10 potions of mutation
 G - 4 potions of agility
 L - 17 potions of brilliance
 X - 3 potions of might
Miscellaneous
 t - a +1 figurine of a ziggurat
 V - a crystal ball of energy
Comestibles
 c - 78 rations


   Skills:
 O Level 27 Fighting
 - Level 14.0 Staves
 - Level 11.3 Armour
 O Level 27 Dodging
 - Level 2.4 Stealth
   Level 15.0 Shields
 O Level 27 Spellcasting
 O Level 27 Conjurations
 - Level 12.2 Charms
 - Level 18.0 Necromancy
 - Level 18.0 Translocations
 + Level 17.7 Transmutations
 O Level 27 Fire Magic
 - Level 16.1 Ice Magic
 - Level 7.0 Air Magic
 - Level 21.9 Earth Magic
 O Level 27 Evocations


You couldn't memorise any spells.
You knew the following spells:

 Your Spells              Type           Power        Failure   Level  Hunger
a - Regeneration          Chrm/Necr      ########..   0%          3    None
b - Controlled Blink      Tloc           N/A          1%          8    None
c - Glaciate              Conj/Ice       ########..   1%          9    None
d - Necromutation         Tmut/Necr      ########..   1%          8    None
e - Apportation           Tloc           ######       0%          1    None
f - Deflect Missiles      Chrm/Air       #######...   1%          6    None
g - Ignition              Fire           ########..   1%          8    None
l - Blink                 Tloc           N/A          0%          2    None
q - Sublimation of Blood  Necr           ########..   0%          2    None
s - Lehudib's Crystal Sp  Conj/Erth      ########..   1%          8    None
v - Shatter               Erth           ########..   1%          9    None
w - Ring of Flames        Chrm/Fire      ########..   1%          7    None
z - Fire Storm            Conj/Fire      ########..   1%          9    None

Your spell library contained the following spells:

 Spells                   Type           Power        Failure   Level  Hunger
 Cause Fear               Hex            ######....   3%          4    None
 Magic Dart               Conj           ####         0%          1    None
 Fireball                 Conj/Fire      ########..   0%          5    None
 Conjure Flame            Conj/Fire      ########     0%          3    None
 Bolt of Fire             Conj/Fire      ########..   0%          6    None
 Bolt of Cold             Conj/Ice       ########..   0%          6    None
 Lightning Bolt           Conj/Air       ########..   0%          5    None
 Bolt of Magma            Conj/Fire/Erth ########..   0%          5    None
 Slow                     Hex            ######..     1%          2    None
 Confuse                  Hex            ######..     1%          3    None
 Invisibility             Hex            ######..     52%         6    None
 Throw Flame              Conj/Fire      ######       0%          2    None
 Throw Frost              Conj/Ice       ######       0%          2    None
 Freezing Cloud           Conj/Ice/Air   ########..   1%          6    None
 Mephitic Cloud           Conj/Pois/Air  #######.     0%          3    None
 Venom Bolt               Conj/Pois      ########..   1%          5    None
 Olgreb's Toxic Radiance  Pois           ######..     1%          4    None
 Teleport Other           Tloc           ########     0%          3    None
 Death's Door             Chrm/Necr      ########..   5%          8    None
 Summon Small Mammal      Summ           ####         1%          1    None
 Bolt of Draining         Conj/Necr      ########..   0%          5    None
 Iskenderun's Mystic Bla  Conj           ########     0%          4    None
 Summon Horrible Things   Summ           ######....   100%        8    None
 Animate Dead             Necr           N/A          0%          4    None
 Pain                     Necr           ####         0%          1    None
 Animate Skeleton         Necr           N/A          0%          1    None
 Vampiric Draining        Necr           ########..   0%          3    None
 Haunt                    Necr/Summ      #######...   9%          7    None
 Borgnjor's Revivificati  Necr           ########..   1%          8    None
 Freeze                   Ice            ####         0%          1    None
 Ozocubu's Refrigeration  Ice            ########..   1%          6    None
 Sticky Flame             Conj/Fire      ########     0%          4    None
 Summon Ice Beast         Ice/Summ       #######.     1%          4    None
 Ozocubu's Armour         Chrm/Ice       ########     0%          3    None
 Call Imp                 Summ           ######..     1%          2    None
 Dispel Undead            Necr           ########     0%          5    None
 Poison Arrow             Conj/Pois      ########..   1%          6    None
 Sting                    Conj/Pois      ####         0%          1    None
 Tukima's Dance           Hex            ######..     1%          3    None
 Summon Demon             Summ           ######....   11%         5    None
 Summon Greater Demon     Summ           ######....   97%         7    None
 Corpse Rot               Necr           N/A          0%          2    None
 Iron Shot                Conj/Erth      ########..   0%          6    None
 Stone Arrow              Conj/Erth      ######       0%          3    None
 Shock                    Conj/Air       ####         0%          1    None
 Swiftness                Chrm/Air       #######.     0%          2    None
 Recall                   Summ/Tloc      N/A          1%          3    None
 Agony                    Necr           ########     0%          5    None
 Spider Form              Tmut/Pois      #######...   1%          3    None
 Blade Hands              Tmut           ########..   0%          5    None
 Statue Form              Tmut/Erth      ########.    1%          6    None
 Ice Form                 Ice/Tmut       ########     0%          4    None
 Dragon Form              Tmut           ########..   1%          7    None
 Death Channel            Necr           ########..   1%          6    None
 Throw Icicle             Conj/Ice       ########     0%          4    None
 Airstrike                Air            #######...   1%          4    None
 Shadow Creatures         Summ           N/A          52%         6    None
 Confusing Touch          Hex            ######       1%          1    None
 Flame Tongue             Conj/Fire      #####        0%          1    None
 Passwall                 Tmut/Erth      ########     0%          2    None
 Ignite Poison            Fire/Tmut/Pois ########     0%          3    None
 Sticks to Snakes         Tmut           ########     0%          2    None
 Call Canine Familiar     Summ           ######..     1%          3    None
 Ensorcelled Hibernation  Hex/Ice        ######       1%          2    None
 Metabolic Englaciation   Hex/Ice        #######...   1%          5    None
 Summon Butterflies       Summ           ######..     1%          1    None
 Silence                  Hex/Air        ######....   2%          5    None
 Dispersal                Tloc           ########..   1%          6    None
 Static Discharge         Conj/Air       ########     0%          3    None
 Corona                   Hex            ######.      1%          1    None
 Alistair's Intoxication  Tmut/Pois      #######.     1%          5    None
 Lee's Rapid Deconstruct  Erth           ########..   0%          5    None
 Sandblast                Erth           ######       0%          1    None
 Simulacrum               Ice/Necr       ########..   1%          6    None
 Conjure Ball Lightning   Conj/Air       ########..   1%          6    None
 Chain Lightning          Conj/Air       ########..   1%          8    None
 Excruciating Wounds      Chrm/Necr      ########..   1%          5    None
 Portal Projectile        Hex/Tloc       ######       1%          3    None
 Monstrous Menagerie      Summ           ######....   97%         7    None
 Petrify                  Tmut/Erth      ########     0%          4    None
 Passage of Golubria      Tloc           N/A          0%          4    None
 Orb of Destruction       Conj           ########..   0%          7    None
 Malign Gateway           Summ/Tloc      #######...   9%          7    None
 Tornado                  Air            #######...   99%         9    None
 Leda's Liquefaction      Hex/Erth       #######...   1%          4    None
 Summon Hydra             Summ           ######....   97%         7    None
 Darkness                 Hex            ######....   52%         6    None
 Shroud of Golubria       Chrm/Tloc      ########..   0%          2    None
 Inner Flame              Hex/Fire       ########     0%          3    None
 Aura of Abjuration       Summ           ######....   11%         5    None
 Beastly Appendage        Tmut           ######       0%          1    None
 Disjunction              Tloc           ########..   1%          8    None
 Iskenderun's Battlesphe  Conj/Chrm      ########     0%          5    None
 Fulminant Prism          Conj/Hex       ########..   0%          4    None
 Dazzling Spray           Conj/Hex       ######       0%          3    None
 Force Lance              Conj/Tloc      ########     0%          4    None
 Infusion                 Chrm           ####         0%          1    None
 Song of Slaying          Chrm           #######.     0%          2    None
 Spectral Weapon          Hex/Chrm       #######.     1%          3    None
 Searing Ray              Conj           ######       0%          2    None
 Discord                  Hex            ######....   100%        8    None
 Summon Forest            Summ/Tloc      #######...   1%          5    None
 Summon Lightning Spire   Summ/Air       ######..     1%          4    None
 Summon Guardian Golem    Hex/Summ       ######..     1%          3    None
 Dragon's Call            Summ           ######....   100%        9    None
 Spellforged Servitor     Conj/Summ      ########..   1%          7    None
 Summon Mana Viper        Hex/Summ       ######..     11%         5    None
 Hydra Form               Tmut           ########..   1%          6    None
 Irradiate                Conj/Tmut      ########..   0%          5    None
 Gell's Gravitas          Tloc           ########..   0%          3    None
 Yara's Violent Unravell  Hex/Tmut       #######...   1%          5    None
 Infestation              Necr           ########..   1%          8    None
 Lesser Beckoning         Tloc           ########..   0%          3    None
 Poisonous Vapours        Pois/Air       ######       1%          2    None
 Borgnjor's Vile Clutch   Necr/Erth      ########..   0%          5    None


Dungeon Overview and Level Annotations

Branches:
Dungeon (15/15)            Temple (1/1) D:4            Lair (6/6) D:8
  Swamp (4/4) Lair:2       Spider (4/4) Lair:2        Slime (5/5) Lair:6
    Orc (2/2) D:10            Elf (3/3) Orc:2        Vaults (5/5) D:14
  Crypt (3/3) Vaults:2       Tomb (3/3) Crypt:3      Depths (5/5) D:15
   Hell (1/1)                 Dis (0/7) Hell            Geh (0/7) Hell
    Coc (7/7) Hell            Tar (0/7) Hell            Zot (5/5) Depths:5

Altars:
Ashenzari
Cheibriados
Dithmenos
Elyvilon
Fedhas
Gozag
Hepliaklqana
Kikubaaqudgha
Makhleb
Nemelex Xobeh
Okawaru
Qazlal
Ru
Sif Muna
Trog
Uskayaw
Vehumet
Wu Jian
Xom
Yredelemnul
Zin
The Shining One
Beogh
Jiyva
Lugonu

Shops:
D:5 *   D:7 !   Orc:1 :   Orc:2 ([*=   Elf:2 (   Elf:3 [   Vaults:2 ?
Vaults:3 *   Depths:1 ?}   Depths:2 =}}

Portals:
Hell: Depths:1 Depths:2 Depths:3 Depths:4 Depths:5
Abyss: Depths:2 Depths:3 Depths:4
Pandemonium: Depths:3 Depths:5

Annotations:
Coc:7 exclusion: ice statue


Innate Abilities, Weirdness & Mutations

You can translocate small distances at will.


Message History

The Hell Sentinel hits you!!
* * * LOW HITPOINT WARNING * * *
The torturous warmonger completely misses you.
The rakshasa weaves an illusion.
The Hell Sentinel shimmers and seems to become two!
The balrug completely misses you.
The hellwing swoops through the air toward you!
The hellwing completely misses you. x2
Casting: Ignition (safe; 1% risk of failure)
Confirm with . or Enter, or press ? or * to list all spells.
You don't have enough magic to cast that spell.
Casting: Ignition (safe; 1% risk of failure)
Confirm with . or Enter, or press ? or * to list all spells.
Okay, then.
Casting: Ignition (safe; 1% risk of failure)
Confirm with . or Enter, or press ? or * to list all spells.
You blink.
The Hell Sentinel gestures at you.
The sphere of damnation explodes!
The damnation engulfs you!
You die...

..(........#.............
.......
...........#.........#...
...#...
.#........#...........#..
..###..
................2........
...#...
..#........R..).ยง4.......
.....
..#......#.....1)6......#
.....
...#...[###....1.......##
..... ...#....#
##............# .....
...#..6)## #....@........
.....
.......).####.......##...
. .#...
.........[####.....##
#.... ##..
.....##....###.....# #....
##.. ..(.####....##.....##
.......#... 28###
##......)....##...# ......
....####.......[........#
......
.....##.....[)..........#
.}....
.#...................).###
......


You could see 2 Hell Sentinels, a torturous warmonger, a balrug, a rakshasa and
a hellwing.

Vanquished Creatures
  Antaeus (Coc:7)
  the Royal Jelly (Slime:5)
  Dissolution (Slime:4)
  13 ancient liches
  Khufu (Tomb:3)
  11 pandemonium lords
  17 orbs of fire
  4 juggernauts (Zig:9)
  37 greater mummies
  Sojobo (Depths:5)
  Margery (Vaults:2)
  Frederick (Depths:3)
  2 curse toes
  22 shard shrikes
  10 Killer Klowns
  10 caustic shrikes
  7 golden dragons
  Jory (Depths:5)
  Geryon (Hell)
  6 bone dragons
  6 profane servitors
  A doom hound (Zig:13)
  15 Tzitzimimeh
  3 iron giants
  5 Brimstone Fiends
  Jorgrun (Elf:2)
  7 electric golems
  6 Hell Sentinels
  3 hellephants
  20 tentacled monstrosities
  20 liches
  25 Ice Fiends
  Rupert (Orc:2)
  11 Orb Guardians (Zot:5)
  20 titans
  Asterion (Elf:1)
  12 deep elf master archers
  9 deep elf blademasters
  9 Executioners (Pan)
  7 death cobs
  7 quicksilver dragons
  38 acid blobs
  16 ancient champions
  12 sphinxes
  An eldritch tentacle (Coc:1)
  Agnes (Elf:2)
  8 tentacled starspawn
  A sphinx (shapeshifter) (Zig:23)
  27 storm dragons
  5 thorn hunters
  7 tengu reavers
  25 shadow dragons
  A shadow dragon (shapeshifter) (Zig:23)
  Donald (Orc:2)
  16 draconian monks
  15 revenants
  Roxanne (D:14)
  25 fire giants
  30 azure jellies
  62 nagarajas
  A spectral juggernaut (Zig:22)
  Aizul (Spider:3)
  A frost giant (shapeshifter) (Zig:23)
  13 vault wardens
  Louise (Spider:1)
  2 iron dragons
  15 frost giants
  21 draconian knights
  5 juggernaut zombies
  19 draconian shifters
  15 deep elf sorcerers
  7 corrupters
  19 ghost moths
  21 balrugs
  22 draconian scorchers
  2 ghost moths (shapeshifter) (Depths:3)
  9 orc warlords
  5 caustic shrike zombies
  6 ghouls
  6 warmongers (Pan)
  3 deep elf elementalists (Elf:3)
  11 emperor scorpions
  9 cacodemons
  9 curse skulls
  15 ironheart preservers
  2 angels
  24 reapers
  A spriggan defender (Depths:4)
  19 draconian stormcallers
  9 blood saints
  14 draconian annihilators
  3 elemental wellsprings
  4 war gargoyles
  The ghost of Ijustatesigmund the Severer, a journeyman MiBe of Trog (Orc:2)
  15 entropy weavers
  27 stone giants
  22 very ugly things
  9 bennus
  2 dire elephants (Zig:18)
  A juggernaut skeleton (Zig:18)
  20 deep elf demonologists
  17 white draconians
  Nessos (D:14)
  12 vampire knights
  2 minotaurs (Depths:2)
  22 deep elf annihilators
  15 black suns
  10 black draconians
  8 purple draconians
  11 green draconians
  2 lorocyprocas
  8 yellow draconians
  A dire elephant (shapeshifter) (Vaults:5)
  2 spectral titans (Zig:22)
  10 red draconians
  24 green deaths
  12 spark wasps
  Snorg (D:11)
  A merfolk javelineer (Depths:4)
  17 ettins
  7 jiangshi
  A quicksilver dragon zombie (Coc:7)
  39 blizzard demons
  7 death oozes
  A fire dragon (shapeshifter) (Zig:23)
  32 yaktaur captains
  20 deep elf death magi
  42 mummy priests
  A merfolk impaler (Abyss:3)
  9 eidola
  20 fire dragons
  14 ogre magi
  16 deep elf high priests
  2 kraken zombies
  22 great orbs of eyes
  35 vault guards
  3 rakshasas
  33 ice dragons
  7 spriggan air magi
  4 quicksilver dragon skeletons
  4 monstrous demonspawn (Pan)
  2 juggernaut simulacra (Pan)
  4 hell beasts
  15 naga warriors
  10 centaur warriors
  10 death knights
  4 ghost crabs
  A merfolk aquamancer (Zig:11)
  10 anacondas
  34 dancing weapons
  35 hydras
  21 death scarabs
  7 catoblepae
  An alligator (shapeshifter) (Depths:3)
  A satyr (Zig:7)
  44 two-headed ogres
  8 deep troll shamans
  14 alligators
  5 spriggan berserkers
  9 tengu warriors
  10 vampire magi
  3 titan zombies
  9 deep troll earth magi
  6 hell hogs
  6 death yaks
  11 shock serpents
  2 shock serpents (shapeshifter)
  A spectral spriggan (Zig:22)
  23 naga sharpshooters
  9 thrashing horrors
  12 orc high priests
  7 storm dragon zombies
  15 soul eaters
  29 sun demons
  33 deep elf knights
  An iron golem (Zig:6)
  6 titan skeletons
  Nergalle (D:12)
  13 wretched stars
  11 golden dragon zombies
  4 salamander mystics
  91 skeletal warriors
  6 fire crabs
  8 sixfirhies
  11 iron trolls
  16 shadow wraiths
  2 sea snakes (shapeshifter) (Zig:23)
  A glowing orange brain (shapeshifter) (Vaults:4)
  An unseen horror (D:13)
  4 storm dragon skeletons
  4 infernal demonspawn (Pan)
  2 spatial maelstroms (Abyss:3)
  6 glowing orange brains
  5 death drakes
  An unseen horror (shapeshifter) (Depths:3)
  12 anaconda zombies
  12 flayed ghosts
  15 hell knights
  6 torturous demonspawn (Pan)
  An orange crystal statue (Zig:2)
  6 wizards
  A gelid demonspawn (Pan)
  4 shadow demons
  4 shambling mangroves
  8 spriggan druids
  33 deep trolls
  8 naga ritualists
  11 deep elf archers
  12 swamp dragons
  2 kraken simulacra (Coc:7)
  A spectral iron dragon (Zig:22)
  31 orc knights
  18 ironbrand convokers
  8 golden dragon skeletons
  7 necromancers
  8 shadow dragon zombies
  A sphinx zombie (Zig:16)
  2 tengu zombies (Zig:9)
  3 shadow dragon skeletons
  Pikel (D:8)
  8 anaconda skeletons
  5 harpies (Depths:5)
  3 iron dragon zombies
  14 phantasmal warriors
  5 tengu skeletons
  A shining eye (shapeshifter) (Zig:23)
  2 spectral elves (Zig:22)
  A lindwurm (Lair:6)
  2 manticores
  A mana viper (shapeshifter) (Depths:3)
  14 mana vipers
  4 stone giant zombies
  2 wolf spider zombies
  40 orb spiders
  A harpy (shapeshifter) (Vaults:5)
  3 salamanders
  A salamander (shapeshifter) (Abyss:3)
  34 ugly things
  8 cyclopes
  5 fire giant zombies
  81 deep elf magi
  39 wolf spiders
  20 orc sorcerers
  19 shining eyes
  3 oklob plants (Zig:21)
  7 worldbinders
  A faun (Zig:7)
  2 wolf spiders (shapeshifter)
  3 fire giant skeletons
  3 iron dragon skeletons
  3 frost giant zombies
  29 moths of wrath
  14 elephants
  A sphinx skeleton (Zig:9)
  A moth of wrath (shapeshifter) (Depths:3)
  43 black mambas
  2 frost giant skeletons (Crypt:1)
  2 dire elephant zombies
  17 guardian serpents
  15 vault sentinels
  2 apocalypse crabs
  8 eyes of devastation
  13 torpor snails
  6 ice statues
  A stone giant skeleton (Crypt:1)
  Joseph (D:8)
  10 elf zombies
  Psyche (D:8)
  4 rust devils
  6 spriggan zombies
  42 naga magi
  8 dire elephant skeletons
  2 guardian serpents (shapeshifter)
  3 molten gargoyles (Hell)
  46 smoke demons
  4 titan simulacra (Coc:7)
  8 storm dragon simulacra (Coc:7)
  A gargoyle (D:15)
  18 spiny frogs
  15 orange demons
  An emperor scorpion zombie (Coc:1)
  3 kobold demonologists
  19 hellions
  A rime drake (shapeshifter) (Elf:3)
  7 spriggan skeletons
  17 efreet
  14 elf skeletons
  A shock serpent skeleton (Crypt:1)
  A death yak skeleton (Crypt:2)
  3 yaktaurs (shapeshifter)
  49 yaktaurs
  3 rime drakes
  10 red devils
  35 tormentors
  37 freezing wraiths
  2 hellwings (Pan)
  6 anaconda simulacra
  73 guardian mummies
  57 ice devils
  14 komodo dragons
  2 harpy zombies
  A red draconian zombie (Crypt:3)
  13 ancient zymes
  22 demonic crawlers
  A tengu conjurer (Depths:1)
  16 hydra zombies
  2 grey draconian skeletons (Crypt:2)
  A meliai (shapeshifter) (Depths:3)
  3 catoblepas skeletons
  2 queen bees (shapeshifter)
  3 meliai (D:14)
  A jumping spider (shapeshifter) (Depths:3)
  2 silent spectres (Zig:13)
  54 jumping spiders
  20 raiju
  A merfolk (shapeshifter) (Vaults:2)
  A polar bear (shapeshifter) (Depths:5)
  6 polar bears
  14 trolls
  A hippogriff (shapeshifter) (Depths:5)
  12 tyrant leeches
  136 slime creatures
  A white draconian skeleton (Crypt:3)
  Grinder (D:4)
  26 hornets
  A harpy skeleton (Coc:6)
  2 ice dragon zombies
  7 hydra skeletons
  34 blink frogs
  A blink frog (shapeshifter) (Vaults:1)
  6 fire dragon zombies
  17 hippogriffs
  A tengu simulacrum (Vaults:2)
  Prince Ribbit (D:7)
  An ettin zombie (Coc:2)
  8 dream sheep
  A jumping spider zombie (Crypt:2)
  7 alligator zombies
  26 bog bodies
  A fire giant simulacrum (Coc:1)
  A snapping turtle (shapeshifter) (Depths:3)
  108 flying skulls
  9 air elementals
  A shock serpent simulacrum (Abyss:3)
  6 alligator skeletons
  31 ushabtiu
  14 shadows
  12 spriggans
  2 ice dragon skeletons (Crypt:1)
  14 starcursed masses
  A tarantella (shapeshifter) (Zig:23)
  20 wraiths
  3 fire dragon skeletons
  74 redbacks
  14 water elementals
  32 tarantellas
  5 wyverns
  2 ettin skeletons
  A vampire (Depths:2)
  A human (D:14)
  A yak (shapeshifter) (Depths:3)
  A black mamba skeleton (Crypt:1)
  A hog (shapeshifter) (Depths:3)
  17 ynoxinuls
  A fire bat (shapeshifter) (Vaults:4)
  A basilisk (shapeshifter) (Zig:14)
  14 neqoxecs
  13 fire elementals
  6 hungry ghosts
  7 basilisks
  2 fire bats (Lair:2)
  46 yaks
  21 golden eyes
  A wind drake skeleton (Crypt:1)
  An emperor scorpion simulacrum (Coc:2)
  Grum (D:8)
  20 chaos spawn
  16 vampire mosquitoes
  39 large abominations
  7 spatial vortices
  8 wargs
  14 nagas
  18 swamp worms
  13 insubstantial wisps
  5 hydra simulacra
  12 water moccasins
  5 acid dragons
  10 spiny frog zombies
  3 floating eyes
  29 hell hounds
  10 swamp drakes
  A floating eye (shapeshifter) (Vaults:4)
  A water nymph skeleton (Crypt:2)
  22 ice beasts
  11 porcupines
  An alligator simulacrum (Hell)
  7 spiny frog skeletons
  2 slaves
  An ettin simulacrum (Vaults:1)
  7 sky beasts
  A snapping turtle zombie (Coc:2)
  A black bear (shapeshifter) (Depths:3)
  66 orc warriors
  A spriggan simulacrum (Zig:6)
  2 black bears
  3 phantoms
  An eye of draining (shapeshifter) (Depths:3)
  7 necrophages
  A blink frog zombie (Crypt:1)
  9 eyes of draining
  A swamp dragon zombie (Coc:6)
  54 wolves
  2 centaurs (shapeshifter) (Depths:3)
  51 ogres
  6 boggarts
  A tengu (shapeshifter) (Elf:3)
  28 small abominations
  13 centaurs
  2 swamp dragon skeletons
  4 snapping turtle skeletons
  6 big kobolds
  19 crocodiles
  22 bullfrogs
  A gnoll sergeant (D:7)
  A spiny frog simulacrum (Hell)
  9 earth elementals
  A wyvern skeleton (D:15)
  12 killer bees
  3 scorpions
  A troll zombie (Coc:7)
  A troll skeleton (Coc:6)
  26 wights
  4 howler monkeys
  7 electric eels
  10 crimson imps
  A bullfrog zombie (D:10)
  6 hounds
  6 quasits
  6 centaur zombies
  3 jellies
  35 orc wizards
  34 orc priests
  7 centaur skeletons
  4 iron imps (Zig:10)
  5 bullfrog skeletons
  16 worker ants
  3 iguanas
  4 hell rats (Hell)
  6 lightning spires
  A big kobold zombie (Crypt:3)
  A felid zombie (Crypt:3)
  An ogre zombie (Tomb:2)
  A spectral hound (D:11)
  A hound skeleton (D:6)
  84 mummies
  A worker ant zombie (Crypt:3)
  4 gnolls
  8 adders
  9 shadow imps
  25 white imps
  2 oozes
  2 adder zombies
  9 worms
  A dart slug (D:4)
  5 leopard geckos
  114 orcs
  A ball python (D:2)
  7 bats
  9 giant cockroaches
  5 goblins
  5 hobgoblins
  12 jackals
  18 kobolds
  5 quokkas
  3 frilled lizards
  A hobgoblin skeleton (Crypt:3)
  A hobgoblin zombie (Crypt:1)
  A jackal skeleton (Crypt:2)
  An orc zombie (Tomb:3)
  2 quokka zombies
  5 rats
  41 blocks of ice
  9 briar patches (Zig:20)
  6 bushes
  4 crawling corpses (Zig:26)
  A demonic plant (Pan)
  412 fire vortices
  6 fungi
  A lost soul (Zig:21)
  A lurking horror (Abyss:3)
  13 plants
  4 starspawn tentacles
  2 tentacles (Coc:7)
5927 creatures vanquished.

Vanquished Creatures (collateral kills)
  A starcursed mass (Zig:14)
  Tiamat (Zot:4)
  2 pandemonium lords
  2 greater mummies
  A tentacled monstrosity (Vaults:5)
  A lich (Zig:21)
  2 Ice Fiends (Coc:7)
  A deep elf blademaster (Zig:26)
  A deep elf master archer (Zig:26)
  A quicksilver dragon (Vaults:5)
  2 titans
  An ancient champion (Zig:20)
  7 acid blobs
  4 tentacled starspawn
  2 sphinxes
  2 storm dragons (Zig:16)
  An azure jelly (Slime:5)
  A shadow dragon (Vaults:5)
  A draconian monk (Zig:8)
  6 nagarajas
  A frost giant (Coc:7)
  2 revenants
  An emperor scorpion (Zig:15)
  A cacodemon (Pan)
  A deep elf sorcerer (Vaults:5)
  A caustic shrike zombie (Zig:21)
  3 draconian knights
  A reaper (Coc:1)
  3 draconian shifters
  A war gargoyle (Hell)
  2 very ugly things
  2 ghouls
  A draconian annihilator (Zot:4)
  2 stone giants
  A caustic shrike skeleton (Zig:13)
  A blood saint (Zig:11)
  A lorocyproca (Zig:11)
  A green draconian (Zot:5)
  A white draconian (Zot:4)
  3 yellow draconians
  2 red draconians
  A purple draconian (Zot:5)
  An ettin (Depths:4)
  A mummy priest (Tomb:1)
  2 green deaths (Pan)
  A jiangshi (Vaults:2)
  A fire dragon (Vaults:3)
  2 great orbs of eyes (Zig:27)
  A yaktaur captain (Vaults:3)
  2 ice dragons
  A vault guard (Vaults:4)
  A two-headed ogre (Depths:2)
  A spectral storm dragon (Zig:22)
  4 large abominations
  A naga sharpshooter (Zig:25)
  A soul eater (Hell)
  A deep elf knight (Vaults:3)
  7 skeletal warriors
  An anaconda zombie (Coc:3)
  A swamp dragon (Zig:20)
  A deep troll (Depths:1)
  A necromancer (Hell)
  A spectral iron dragon (Zig:22)
  A fire giant zombie (Coc:5)
  An orc knight (Vaults:4)
  4 ugly things
  4 deep elf magi
  An iron dragon zombie (Hell)
  A shadow dragon skeleton (Hell)
  A cyclops (shapeshifter) (Vaults:4)
  2 iron dragon skeletons
  3 moths of wrath
  A stone giant skeleton (Coc:5)
  A spriggan zombie (Zig:21)
  A fire giant skeleton (Crypt:1)
  A black mamba (Zig:25)
  A guardian serpent (Zig:22)
  A naga mage (Zig:10)
  A torpor snail (Zig:24)
  A hellion (Zig:23)
  A tormentor (Pan)
  3 ice devils
  A hydra zombie (Coc:3)
  A freezing wraith (Zig:13)
  A red draconian skeleton (Crypt:2)
  An ancient zyme (Abyss:3)
  A blink frog (Zig:5)
  A jumping spider (Zig:24)
  A shadow dragon simulacrum (Zig:21)
  8 slime creatures
  A hornet (Zig:20)
  2 flying skulls
  A wraith (Zig:10)
  A ynoxinul (Pan)
  An ettin skeleton (Tomb:3)
  A water elemental (Zig:26)
  A redback (Zig:24)
  An ushabti (Tomb:3)
  3 golden eyes
  A chaos spawn (Pan)
  A warg (Vaults:4)
  A hydra simulacrum (Coc:7)
  A floating eye (Depths:5)
  2 nagas
  A swamp drake (Zig:12)
  2 ice beasts
  An elf simulacrum (Zig:6)
  An orc wizard (Vaults:4)
  3 hell rats (Hell)
  4 small abominations
  6 mummies
  A shadow imp (Zig:13)
  A white imp (Coc:7)
  An ufetubus (Abyss:3)
  4 orcs (Vaults:4)
  A rat skeleton (Crypt:1)
  A block of ice (Hell)
  A crawling corpse (Zig:26)
197 creatures vanquished.

Vanquished Creatures (others)
  A hydra (Zig:20)
  2 moths of wrath (Zot:5)
  A meliai (shapeshifter) (Zig:23)
  2 flying skulls (Tomb:2)
  An ushabti (Tomb:2)
  A floating eye (shapeshifter) (Zig:26)
  A slave (D:8)
  A bullfrog (D:8)
  A small abomination (Abyss:3)
  An orc wizard (D:8)
  A hound zombie (D:8)
  4 mummies (Tomb:2)
  An orc (D:8)
  A leopard gecko zombie (D:8)
  63 blocks of ice
  A bush (Lair:2)
  A demonic plant (Pan)
  2262 fire vortices
  36 fungi
  3 lost souls (Zig:21)
  14 plants
  12 starspawn tentacles
  13 tentacles
2424 creatures vanquished.

Grand Total: 8548 creatures vanquished

Notes
Turn   | Place    | Note
-------+----------+-------------------------------------------
     0 | D:1      | pk666 the Deep Elf Fire Elementalist began the quest for the Orb.
     0 | D:1      | Reached XP level 1. HP: 10/10 MP: 6/6
   196 | D:1      | Reached XP level 2. HP: 15/15 MP: 6/8
   877 | D:2      | Reached XP level 3. HP: 19/19 MP: 5/10
  1343 | D:2      | Found an opulent altar of Gozag.
  1925 | D:3      | Reached XP level 4. HP: 21/24 MP: 5/11
  1932 | D:3      | Learned a level 4 spell: Sticky Flame
  1936 | D:3      | Learned a level 3 spell: Conjure Flame
  2538 | D:3      | Found a shattered altar of Ashenzari.
  2735 | D:4      | Found a bloodstained altar of Trog.
  2736 | D:4      | Noticed a moth of wrath
  2875 | D:4      | Noticed Grinder
  2898 | D:4      | Killed Grinder
  2898 | D:4      | Reached skill level 5 in Spellcasting
  2898 | D:4      | Reached skill level 5 in Conjurations
  2898 | D:4      | Reached XP level 5. HP: 28/28 MP: 1/14
  2898 | D:4      | Reached XP level 6. HP: 32/32 MP: 1/15
  3076 | D:4      | Reached skill level 5 in Fire Magic
  3141 | D:4      | Found a staircase to the Ecumenical Temple.
  3164 | Temple   | Entered the Ecumenical Temple
  3497 | D:4      | Found an ornate altar of the Wu Jian Council.
  3498 | D:4      | Found a shadowy altar of Dithmenos.
  3606 | D:4      | Found a sparkling altar of Nemelex Xobeh.
  3607 | D:4      | Found an iron altar of Okawaru.
  3607 | D:4      | Found a radiant altar of Vehumet.
  3608 | D:4      | Found a glowing silver altar of Zin.
  3611 | D:4      | Found a shimmering altar of Xom.
  3614 | D:4      | Became a worshipper of Vehumet
  3921 | D:5      | Entered Level 5 of the Dungeon
  3930 | D:4      | Reached XP level 7. HP: 31/36 MP: 12/17
  4700 | D:5      | Found Yhyla's General Store.
  4859 | D:5      | Learned a level 5 spell: Fireball
  4928 | D:5      | Reached XP level 8. HP: 18/41 MP: 0/20
  5233 | D:5      | Found a snail-covered altar of Cheibriados.
  6249 | D:6      | Reached * piety under Vehumet
  6249 | D:6      | Offered knowledge of Sting by Vehumet.
  6773 | D:6      | Reached XP level 9. HP: 42/45 MP: 6/24
  7222 | D:6      | Offered knowledge of Shock by Vehumet.
  7276 | D:6      | Found a sacrificial altar of Ru.
  7412 | D:6      | Reached ** piety under Vehumet
  7448 | D:6      | Found a hide-covered altar of Uskayaw.
  7755 | D:7      | Reached skill level 10 in Spellcasting
  8329 | D:7      | Found Zemiekae's Distillery.
  8370 | D:7      | Offered knowledge of Dazzling Spray by Vehumet.
  8558 | D:8      | Noticed a two-headed ogre
  8569 | D:7      | Killed a two-headed ogre
  8569 | D:7      | Reached XP level 10. HP: 29/50 MP: 0/26
  8709 | D:8      | Noticed Pikel
  8869 | D:8      | Noticed Joseph
  8869 | D:8      | Noticed Prince Ribbit
  8910 | D:7      | Killed Prince Ribbit
  8910 | D:7      | Reached *** piety under Vehumet
  9485 | D:8      | Killed Joseph
  9485 | D:8      | Reached skill level 5 in Dodging
  9792 | D:8      | Killed Pikel
  9847 | D:8      | Found a staircase to the Lair.
  9937 | D:8      | Reached skill level 10 in Conjurations
 10061 | D:8      | Noticed Psyche
 10064 | D:8      | Killed Psyche
 10064 | D:8      | Reached skill level 10 in Fire Magic
 10177 | D:8      | Offered knowledge of Fulminant Prism by Vehumet.
 10178 | D:8      | Noticed Grum
 10192 | D:8      | Killed Grum
 10667 | D:8      | Reached **** piety under Vehumet
 10678 | D:8      | Noticed a three-headed hydra
 10681 | D:8      | Killed a three-headed hydra
 10681 | D:8      | Reached XP level 11. HP: 53/54 MP: 3/29
 11349 | Lair:1   | Entered Level 1 of the Lair of Beasts
 11522 | Lair:1   | Learned a level 6 spell: Bolt of Fire
 11562 | Lair:1   | Noticed an eight-headed hydra
 11567 | Lair:1   | Killed an eight-headed hydra
 11584 | Lair:1   | Offered knowledge of Bolt of Draining by Vehumet.
 12023 | Lair:1   | Got a steaming crystal amulet
 12024 | Lair:1   | Identified the amulet "Xaclar" {*Drain +Rage +Inv rPois} (You found it on level 1 of the Lair of Beasts)
 12622 | Lair:2   | Got an iridescent long sword
 12623 | Lair:2   | Identified the +7 long sword of Precise Incision {chaos, Int+3 Dex+3} (You found it on level 2 of the Lair of Beasts)
 12856 | Lair:2   | Noticed a catoblepas
 13518 | Lair:2   | Noticed a wolf spider
 13529 | Lair:2   | Killed a wolf spider
 13577 | Lair:2   | Reached ***** piety under Vehumet
 14111 | Lair:2   | Found a hole to the Spider Nest.
 14184 | Lair:2   | Offered knowledge of Bolt of Cold by Vehumet.
 14407 | Lair:2   | Found a staircase to the Swamp.
 14433 | Lair:2   | Noticed a seven-headed hydra
 14436 | Lair:2   | Killed a seven-headed hydra
 14436 | Lair:2   | Reached XP level 12. HP: 59/59 MP: 12/31
 14546 | Lair:2   | Noticed a seven-headed hydra
 14550 | Lair:2   | Killed a seven-headed hydra
 14802 | Lair:2   | Killed a catoblepas
 15624 | Lair:1   | Learned a level 6 spell: Bolt of Cold
 15868 | Lair:2   | Reached skill level 1 in Ice Magic
 16213 | Lair:3   | Reached skill level 10 in Dodging
 18955 | Lair:5   | Reached XP level 13. HP: 63/63 MP: 22/33
 19437 | Lair:5   | Learned a level 2 spell: Blink
 19786 | Lair:5   | Offered knowledge of Airstrike by Vehumet.
 20199 | Lair:6   | Entered Level 6 of the Lair of Beasts
 20227 | Lair:6   | Reached skill level 5 in Ice Magic
 21211 | Lair:6   | Reached skill level 15 in Spellcasting
 21687 | Lair:6   | Learned a level 1 spell: Apportation
 22781 | Lair:6   | Identified the Tome of Creation and the Snowflakes
 22888 | Lair:6   | Found a staircase to the Slime Pits.
 22888 | Lair:6   | Found a viscous altar of Jiyva.
 23779 | D:9      | Learned a level 6 spell: Deflect Missiles
 23880 | D:9      | Reached XP level 14. HP: 68/68 MP: 21/35
 23891 | D:9      | Offered knowledge of Ozocubu's Refrigeration by Vehumet.
 24474 | D:9      | Got a crude buckler
 24480 | D:9      | Identified the +3 buckler of the Morning {-Cast Str+3} (You found it on level 9 of the Dungeon)
 24501 | D:10     | Entered Level 10 of the Dungeon
 24503 | D:10     | Reached skill level 1 in Charms
 24507 | D:10     | Reached skill level 1 in Air Magic
 25245 | D:10     | Found a runed door.
 25284 | D:10     | Found a staircase to the Orcish Mines.
 25586 | D:10     | Found a runed door.
 25878 | D:10     | Got a bloodstained falchion
 25879 | D:10     | Identified the +6 falchion "Kolot" {slice, rPois Dex+3} (You found it on level 10 of the Dungeon)
 25920 | D:10     | Found a runed door.
 26553 | D:10     | Got a dazzling scythe
 26853 | D:11     | Noticed Snorg
 26858 | D:11     | Killed Snorg
 26920 | D:10     | Reached skill level 5 in Charms
 27805 | D:11     | Offered knowledge of Bolt of Magma by Vehumet.
 29610 | D:12     | Got a translucent long sword
 29949 | D:12     | Reached skill level 5 in Air Magic
 30143 | D:12     | Offered knowledge of Freezing Cloud by Vehumet.
 30151 | D:12     | Identified the +2 long sword "Caoj" {speed, +Fly} (You found it on level 12 of the Dungeon)
 30301 | D:12     | Noticed Nergalle
 30303 | D:12     | Killed Nergalle
 30488 | D:13     | Found a frozen archway.
 30520 | IceCv    | Entered an ice cave
 30626 | IceCv    | Found a transporter.
 30660 | IceCv    | HP: 1/68 [ice statue] (16)]
 31810 | D:14     | Reached skill level 1 in Translocations
 32003 | D:14     | Found a portal to a secret trove of treasure.
 32145 | Orc:1    | Entered Level 1 of the Orcish Mines
 32145 | Orc:1    | Found Huuceoch's Book Shoppe.
 32151 | Orc:1    | Reached XP level 15. HP: 67/72 MP: 5/37
 32166 | D:10     | You fall through a shaft for 2 floors!
 32601 | Orc:1    | Noticed an orc warlord
 32604 | Orc:1    | Killed an orc warlord
 33428 | Orc:1    | Reached ****** piety under Vehumet
 33478 | Orc:1    | Found a roughly hewn altar of Beogh.
 33740 | Orc:2    | Entered Level 2 of the Orcish Mines
 34701 | Orc:2    | Noticed Ijustatesigmund's ghost (journeyman MiBe)
 34710 | Orc:2    | Killed Ijustatesigmund's ghost
 34958 | Orc:2    | Noticed Donald
 34962 | Orc:2    | Killed Donald
 34962 | Orc:2    | Offered knowledge of Conjure Ball Lightning by Vehumet.
 35125 | Orc:2    | Got a brightly glowing shield
 35782 | Orc:2    | Noticed an orc warlord
 35982 | Orc:2    | Killed an orc warlord
 35982 | Orc:2    | Reached skill level 5 in Translocations
 36091 | Orc:2    | Found a staircase to the Elven Halls.
 36185 | Orc:2    | Identified the +0 shield of the Evening Star {rElec Dex+4} (You took it off Donald on level 2 of the Orcish Mines)
 36692 | Orc:2    | Noticed Rupert
 36696 | Orc:2    | Killed Rupert
 36903 | Orc:2    | Offered knowledge of Orb of Destruction by Vehumet.
 36912 | Orc:2    | Learned a level 7 spell: Orb of Destruction
 37065 | Orc:2    | Found Cedwaol's Antique Armour Emporium.
 37066 | Orc:2    | Found Cek Hizoerre's Antique Weapon Emporium.
 37069 | Orc:2    | Found Ginn's General Store.
 37069 | Orc:2    | Found Ozxoidd's Jewellery Shoppe.
 37582 | Swamp:1  | Entered Level 1 of the Swamp
 37688 | Swamp:1  | Reached skill level 15 in Conjurations
 38229 | Swamp:1  | Noticed a thorn hunter
 38231 | Swamp:1  | Killed a thorn hunter
 38529 | Swamp:1  | Reached skill level 15 in Fire Magic
 39283 | Swamp:2  | Noticed a thorn hunter
 39286 | Swamp:2  | Killed a thorn hunter
 39903 | Swamp:2  | Reached XP level 16. HP: 76/76 MP: 29/39
 40330 | Swamp:2  | Offered knowledge of Fire Storm by Vehumet.
 40330 | Swamp:2  | Offered knowledge of Glaciate by Vehumet.
 40330 | Swamp:2  | Offered knowledge of Ignition by Vehumet.
 40384 | Swamp:2  | Learned a level 8 spell: Ignition
 42975 | Swamp:4  | Entered Level 4 of the Swamp
 43368 | Swamp:4  | Noticed a thorn hunter
 43373 | Swamp:4  | Killed a thorn hunter
 45351 | Swamp:4  | Noticed a tentacled monstrosity
 45616 | Swamp:4  | Killed a tentacled monstrosity
 45888 | Swamp:4  | Got a decaying rune of Zot
 46300 | Orc:2    | Bought an uncursed ring of magical power for 320 gold pieces
 46536 | D:14     | Noticed Nessos
 46543 | D:14     | Killed Nessos
 46593 | D:14     | Reached XP level 17. HP: 51/80 MP: 10/41
 46738 | D:14     | Noticed Roxanne
 48157 | D:14     | Killed Roxanne
 48198 | D:15     | Entered Level 15 of the Dungeon
 48218 | D:15     | Found a staircase to the Depths.
 48833 | D:15     | Reached skill level 15 in Dodging
 49685 | D:14     | Found a gate to the Vaults.
 49876 | Lair:1   | Reached XP level 18. HP: 85/85 MP: 43/43
 49944 | Spider:1 | Entered Level 1 of the Spider Nest
 50230 | Spider:1 | Noticed Louise
 50260 | Spider:1 | Killed Louise
 50770 | Spider:1 | You fall through a shaft!
 51943 | Spider:3 | Noticed Aizul
 52022 | Spider:2 | Upgraded the game from 0.22-a0-458-gb446440 to 0.22-a0-460-g49b1da7
 52106 | Spider:3 | Killed Aizul
 52356 | Spider:3 | Got a twisted flail
 52869 | Spider:4 | Entered Level 4 of the Spider Nest
 53041 | Spider:4 | Reached XP level 19. HP: 89/89 MP: 22/45
 53363 | Orc:2    | Bought an uncursed ring of see invisible for 240 gold pieces
 54654 | Spider:4 | Reached skill level 1 in Fighting
 56032 | Spider:4 | Identified the +3 flail of Crusades {holy, rN+ MR+ Str-3} (You found it on level 3 of the Spider Nest)
 56843 | Spider:4 | Learned a level 2 spell: Swiftness
 57205 | Spider:4 | Got a gossamer rune of Zot
 57513 | Lair:1   | Identified a scroll of acquirement
 57675 | Orc:2    | Bought an uncursed ring of protection from magic for 400 gold pieces
 57770 | Elf:1    | Entered Level 1 of the Elven Halls
 57986 | Elf:1    | Found a flickering gateway to a bazaar.
 57998 | Bazaar   | Entered a bazaar
 57999 | Bazaar   | Found Xuxusef's Jewellery Boutique.
 57999 | Bazaar   | Found Cilae's Book Boutique.
 58001 | Bazaar   | Found Lawagg's Food Emporium.
 58005 | Bazaar   | Found Xogiczon's Magic Scroll Boutique.
 58014 | Bazaar   | Found Dogubbai's Food Boutique.
 58021 | Bazaar   | Found Tanafrecu's Gadget Shoppe.
 58061 | Bazaar   | Bought the amulet "Votrut Ebith" {RegenMP rElec Str+4 Slay-3 SInv} for 396 gold pieces
 58077 | Bazaar   | Bought a book of Alchemy for 1275 gold pieces
 58080 | Bazaar   | Learned a level 2 spell: Sublimation of Blood
 58319 | Elf:1    | Reached skill level 1 in Necromancy
 58690 | Elf:1    | Noticed Asterion
 58701 | Elf:1    | Killed Asterion
 58702 | Elf:1    | Noticed a Brimstone Fiend
 59481 | Elf:1    | Got a wavering lead ring
 59582 | Elf:1    | Identified the ring of the Dragon {Ice *Drain MR+ Str+8 Dex+4} (You took it off a deep elf mage on level 1 of the Elven Halls)
 59648 | Elf:2    | Noticed Agnes
 59652 | Elf:2    | Killed Agnes
 60164 | Elf:2    | Reached skill level 5 in Necromancy
 60413 | Elf:2    | Found a runed gate.
 60415 | Elf:2    | Found a runed gate.
 60415 | Elf:2    | Found a runed gate.
 60638 | Elf:2    | Found Sarisoid's Weapon Shoppe.
 61254 | Elf:3    | Entered Level 3 of the Elven Halls
 61558 | Elf:3    | Found Mutza's Antique Armour Shop.
 62370 | Elf:3    | Reached XP level 20. HP: 64/104 MP: 29/47
 62811 | Elf:3    | Reached skill level 5 in Fighting
 62971 | Elf:3    | Got heavily runed pearl dragon scales
 62983 | Elf:3    | Identified the +1 pearl dragon scales of a bazaar {rN+ Dex+5} (You took it off a deep elf high priest on level 3 of the Elven Halls)
 63506 | Elf:3    | Got a smoking bone ring
 64585 | Elf:3    | Identified the ring "Itury" {Fire rElec rPois Int-2 SInv} (You took it off a deep elf blademaster on level 3 of the Elven Halls)
 65577 | Elf:3    | Bought a pair of embroidered gloves for 285 gold pieces
 65577 | Elf:3    | Bought a pair of runed gloves for 285 gold pieces
 65797 | Lair:1   | Learned a level 3 spell: Regeneration
 65813 | Lair:1   | Learned a level 9 spell: Fire Storm
 65946 | Vaults:1 | Entered Level 1 of the Vaults
 68158 | Vaults:2 | Found a staircase to the Crypt.
 68414 | Vaults:2 | Found Woha's Magic Scroll Emporium.
 68951 | Vaults:2 | Reached XP level 21. HP: 112/112 MP: 42/49
 69058 | Vaults:2 | Noticed Margery
 69060 | Vaults:2 | Killed Margery
 70903 | Vaults:3 | Identified a +2 pair of boots of running (You found it on level 3 of the Vaults)
 70927 | Vaults:3 | Found Hulua's Assorted Antiques.
 71593 | D:14     | You paid a toll of +3 fire dragon scales to enter a treasure trove
 71594 | Trove    | Entered a treasure trove
 71608 | Trove    | Identified the Compendium of the Cloudy Snowflakes
 71610 | Trove    | Identified Oxydog's Disquisition on Glacial Displacement
 71612 | Trove    | Identified Sif Muna's Guide on Conjuration
 71614 | Trove    | Identified the Catalogue of Frigorific Flight
 71673 | Trove    | Got a wavering amethyst amulet
 71675 | Trove    | Got a bound ruby amulet
 71677 | Trove    | Got a scorched diamond amulet
 71875 | Lair:1   | Identified the amulet "Xirib" {Reflect Int+4 SH+2} (You found it in a treasure trove)
 71876 | Lair:1   | Identified the amulet of Zottanwa {Spirit Str+2} (You found it in a treasure trove)
 71877 | Lair:1   | Identified the amulet "Niomp" {RegenMP rElec MR++} (You found it in a treasure trove)
 72958 | Vaults:4 | Found an ancient bone altar of Kikubaaqudgha.
 73533 | Vaults:4 | Reached XP level 22. HP: 121/121 MP: 43/51
 73810 | Vaults:4 | Learned a level 7 spell: Ring of Flames
 74560 | Vaults:5 | Entered Level 5 of the Vaults
 74605 | Vaults:5 | Reached XP level 23. HP: 110/131 MP: 13/53
 74812 | Vaults:5 | Reached skill level 10 in Fighting
 75063 | Vaults:5 | Got a silver rune of Zot
 75198 | Vaults:5 | Got a steaming broad axe {chop}
 75199 | Vaults:5 | Identified the +5 broad axe of Hafeg {chop, *Corrode rPois Dex+4} (You took it off an ironbrand convoker on level 5 of the Vaults)
 75667 | Vaults:5 | Got a scintillating silver ring
 75668 | Vaults:5 | Identified the ring of Guikeq {+Fly Dex+3} (You found it on level 5 of the Vaults)
 75699 | Vaults:5 | Got an ancient falchion
 75700 | Vaults:5 | Identified the +0 falchion of Uncertain Death {vamp, rPois MR+ Str+2} (You found it on level 5 of the Vaults)
 75893 | Vaults:5 | Got a translucent lapis lazuli ring
 76073 | Vaults:5 | Identified the ring of Peran {+Fly rF+++ rC+ Int-5} (You took it off a fire giant on level 5 of the Vaults)
 76735 | Depths:1 | Entered Level 1 of the Depths
 76852 | Depths:1 | Found a gateway to Hell.
 77040 | Depths:1 | Found a glowing golden altar of the Shining One.
 77431 | Depths:1 | Found Lotziunk's Gadget Shoppe.
 77475 | Depths:1 | Found Gusk's Magic Scroll Emporium.
 77879 | Depths:2 | Found Rinweylle's Gadget Emporium.
 77918 | Depths:2 | Found Siececesk's Jewellery Shop.
 77919 | Depths:2 | Found Tytule's Gadget Emporium.
 77927 | Depths:2 | Bought the ring of Xapsug {Ice rPois Int+6} for 878 gold pieces
 77927 | Depths:2 | Bought a cursed amulet of inaccuracy for 36 gold pieces
 77948 | Depths:2 | Found a gateway to a ziggurat.
 78432 | Depths:2 | Reached XP level 24. HP: 138/138 MP: 47/54
 78922 | Depths:2 | Found a corrupted altar of Lugonu.
 78922 | Depths:2 | Found a one-way gate to the infinite horrors of the Abyss.
 79318 | Depths:3 | Found a one-way gate leading to the halls of Pandemonium.
 80094 | Depths:3 | Noticed Frederick
 80096 | Depths:3 | Killed Frederick
 81009 | Depths:4 | Reached skill level 10 in Ice Magic
 81068 | Depths:4 | Found a flickering gateway to a bazaar.
 81085 | Bazaar   | Entered a bazaar
 81089 | Bazaar   | Found Seoled's Magic Scroll Boutique.
 81106 | Bazaar   | Found Teoforaiwk's Assorted Antiques.
 81117 | Bazaar   | Found Sueromeu's Weapon Emporium.
 81141 | Bazaar   | Found Reghededgh's General Store.
 81157 | Bazaar   | Found Syfrae's General Store.
 81218 | Bazaar   | Bought a scroll of remove curse for 24 gold pieces
 81218 | Bazaar   | Bought 2 scrolls of identify for 32 gold pieces
 81218 | Bazaar   | Bought a scroll of brand weapon for 160 gold pieces
 81247 | Bazaar   | Bought a scroll of amnesia for 98 gold pieces
 81247 | Bazaar   | Bought a potion of curing for 84 gold pieces
 81247 | Bazaar   | Bought a potion of heal wounds for 140 gold pieces
 81262 | Bazaar   | Bought a scroll of identify for 22 gold pieces
 81262 | Bazaar   | Bought a scroll of identify for 22 gold pieces
 81262 | Bazaar   | Bought a scroll of magic mapping for 38 gold pieces
 81262 | Bazaar   | Bought a scroll of teleportation for 33 gold pieces
 81262 | Bazaar   | Bought a scroll of teleportation for 33 gold pieces
 81262 | Bazaar   | Bought a scroll of magic mapping for 38 gold pieces
 81262 | Bazaar   | Bought a scroll of magic mapping for 38 gold pieces
 81262 | Bazaar   | Bought a scroll of holy word for 82 gold pieces
 81654 | Depths:4 | Found a runed door.
 81683 | Depths:4 | Reached XP level 25. HP: 145/145 MP: 36/55
 81735 | Depths:4 | Found a runed door.
 82584 | Depths:5 | Entered Level 5 of the Depths
 82617 | Depths:5 | Noticed Sojobo
 82618 | Depths:5 | Killed Sojobo
 82647 | Depths:5 | Got a scintillating wooden ring
 82670 | Depths:5 | Identified the ring of Xohis {*Corrode +Inv rC+ Int+3 Stlth+} (You took it off a yaktaur captain on level 5 of the Depths)
 82844 | Depths:5 | Noticed Jory
 82848 | Depths:5 | Killed Jory
 83015 | Depths:5 | Found a sparkling altar of Nemelex Xobeh.
 83043 | Depths:5 | Identified Sif Muna's Papyrus of Congealing Heat
 83231 | Depths:5 | Found a stormy altar of Qazlal.
 83271 | Depths:5 | Found a gate to the Realm of Zot.
 83400 | Depths:5 | Got a smoking amber ring
 83402 | Depths:5 | Identified the ring of Equivalence {Fire rN+ Dex+2} (You took it off a vampire knight on level 5 of the Depths)
 83486 | Depths:5 | Got a fine tin ring
 83487 | Depths:5 | Identified the ring "Elabaac" {rElec MP+9 Str+3} (You took it off a yaktaur captain on level 5 of the Depths)
 83837 | Lair:1   | Learned a level 5 spell: Dispel Undead
 83847 | Lair:1   | Learned a level 9 spell: Glaciate
 83942 | Slime:1  | Entered Level 1 of the Pits of Slime
 84199 | Slime:4  | Noticed Dissolution
 84203 | Slime:4  | Killed Dissolution
 84212 | Slime:4  | Reached XP level 26. HP: 127/154 MP: 40/55
 84309 | Slime:5  | Entered Level 5 of the Pits of Slime
 84349 | Slime:5  | Killed the Royal Jelly
 84668 | Slime:5  | Found the +3 hat of Pondering {ponderous, MR+ MP+10 Int+5}
 84673 | Slime:5  | Identified the Disquisition on Transformation
 84681 | Slime:5  | Got a slimy rune of Zot
 85332 | Zot:1    | Entered Level 1 of the Realm of Zot
 86317 | Zot:2    | Reached skill level 27 in Spellcasting
 86319 | Zot:2    | Reached skill level 15 in Ice Magic
 86321 | Zot:2    | Reached skill level 10 in Charms
 88466 | Zot:3    | Identified the Compendium of Execration and Transformation
 88739 | Zot:4    | Reached skill level 10 in Necromancy
 88750 | Zot:4    | Reached XP level 27. HP: 124/159 MP: 24/56
 88766 | Zot:4    | Noticed Tiamat
 88775 | Zot:4    | Killed Tiamat
 88859 | Zot:4    | Found a transporter.
 89199 | Zot:4    | Found a transporter.
 89421 | Zot:4    | Noticed an ancient lich
 89422 | Zot:4    | Noticed an ancient lich
 89437 | Zot:4    | Noticed an orb of fire
 89446 | Zot:4    | Killed an orb of fire
 89449 | Zot:4    | Killed an ancient lich
 89450 | Zot:4    | Killed an ancient lich
 89599 | Zot:4    | Got an ancient glaive
 89600 | Zot:4    | Identified the +6 glaive of Ofarawoll {drain, rElec MP+9 Dex+7} (You found it on level 4 of the Realm of Zot)
 89614 | Zot:4    | Identified the ring "Nasilym" {rPois rC+ Str+2 SInv} (You found it on level 4 of the Realm of Zot)
 89644 | Zot:4    | Identified the ring of Sexta {+Blink rElec rC+ AC+3} (You found it on level 4 of the Realm of Zot)
 89711 | Zot:5    | Entered Level 5 of the Realm of Zot
 90683 | Zig:1    | Entered Level 1 of a ziggurat
 90702 | Zig:2    | Entered Level 2 of a ziggurat
 90742 | Zig:2    | Identified Kink's Collected Works on Dark Transmigration
 90751 | Zig:3    | Entered Level 3 of a ziggurat
 90755 | Zig:3    | Noticed Uwke the pandemonium lord
 90757 | Zig:3    | Killed Uwke the pandemonium lord
 90786 | Zig:4    | Entered Level 4 of a ziggurat
 90801 | Zig:4    | Got a slimy quarterstaff
 90802 | Zig:4    | Identified the +11 quarterstaff "Sihu Alipt" {elec, Int+4} (You found it on level 4 of a ziggurat)
 90827 | Zig:5    | Entered Level 5 of a ziggurat
 90923 | Zig:6    | Entered Level 6 of a ziggurat
 91003 | Zig:7    | Entered Level 7 of a ziggurat
 91094 | Zig:7    | Got a wavering steel ring
 91104 | Zig:7    | Identified the ring "Izocwur" {EV+5 Int+2 Stlth+} (You found it on level 7 of a ziggurat)
 91112 | Zig:8    | Entered Level 8 of a ziggurat
 91154 | Zig:8    | Got a sparkling brass amulet
 91164 | Zig:8    | Identified the amulet "Orcheruj" {Inacc rN+} (You found it on level 8 of a ziggurat)
 91175 | Zig:8    | Identified the +5 halberd of Lugomef {chop, MR+ Dex+3} (You found it on level 8 of a ziggurat)
 91182 | Zig:8    | Identified the +1 leather armour "Kyerghaqo" {MP-9 Dex+5} (You found it on level 8 of a ziggurat)
 91185 | Zig:9    | Entered Level 9 of a ziggurat
 91193 | Zig:9    | Noticed a juggernaut
 91193 | Zig:9    | Noticed a juggernaut
 91194 | Zig:9    | Noticed a juggernaut
 91195 | Zig:9    | Killed a juggernaut
 91195 | Zig:9    | Killed a juggernaut
 91195 | Zig:9    | Noticed a juggernaut
 91196 | Zig:9    | Killed a juggernaut
 91197 | Zig:9    | Killed a juggernaut
 91278 | Zig:10   | Entered Level 10 of a ziggurat
 91333 | Zig:10   | Found the +7 lajatang of Order {silver, rMut}
 91340 | Zig:10   | Identified the Grimoire of Gliding Battle Magic
 91345 | Zig:10   | Got a vibrating ruby amulet
 91368 | Zig:10   | Identified the amulet of Lugonu's Benevolence {Faith MP+9 Int+4} (You found it on level 10 of a ziggurat)
 91375 | Zig:11   | Entered Level 11 of a ziggurat
 91462 | Zig:11   | Identified the +4 war axe of the Messenger {chop, +Rage MR- Int+7 Dex+4} (You found it on level 11 of a ziggurat)
 91468 | Zig:12   | Entered Level 12 of a ziggurat
 91516 | Zig:12   | Found the +2 cloak of the Thief {+Fog Slay-2 SInv Stlth+}
 91590 | Zig:13   | Entered Level 13 of a ziggurat
 92081 | Zig:13   | Found the +9 sword of Zonguldrok {reap}
 92334 | Zig:13   | Got a steaming bronze ring
 92373 | Zig:13   | Identified the ring of Katakoqe {Str-2 Int+5 Dex+5} (You found it on level 13 of a ziggurat)
 92391 | Zig:14   | Entered Level 14 of a ziggurat
 92403 | Zig:14   | Reached skill level 1 in Staves
 92511 | Zig:15   | Entered Level 15 of a ziggurat
 92631 | Zig:16   | Entered Level 16 of a ziggurat
 92653 | Zig:16   | Reached skill level 5 in Staves
 92739 | Zig:16   | Identified the ring of Cirhain {rPois rN+ SInv} (You found it on level 16 of a ziggurat)
 92743 | Zig:16   | Identified the +1 leather armour of Taabuirgh {rC+} (You found it on level 16 of a ziggurat)
 92747 | Zig:17   | Entered Level 17 of a ziggurat
 92762 | Zig:17   | Reached skill level 15 in Fighting
 92888 | Zig:17   | Identified the ring of the Genius {rF+ rC+ rN+ MR++ Dex+2} (You found it on level 17 of a ziggurat)
 92899 | Zig:18   | Entered Level 18 of a ziggurat
 93103 | Zig:18   | Identified the Grimoire of Dark Enhancements
 93120 | Zig:18   | Identified the ring of Gaephud {*Slow rC+++ Int-5 Dex+8 Slay+1} (You found it on level 18 of a ziggurat)
 93134 | Zig:19   | Entered Level 19 of a ziggurat
 93146 | Zig:19   | Noticed an orb of fire
 93149 | Zig:19   | Gained mutation: Your spells are a little easier to cast, but a little less powerful. [an orb of fire]
 93150 | Zig:19   | Killed an orb of fire
 93152 | Zig:19   | Noticed an orb of fire
 93153 | Zig:19   | Noticed an orb of fire
 93155 | Zig:19   | Noticed an orb of fire
 93156 | Zig:19   | Noticed an orb of fire
 93159 | Zig:19   | Killed an orb of fire
 93159 | Zig:19   | Killed an orb of fire
 93159 | Zig:19   | Killed an orb of fire
 93161 | Zig:19   | Killed an orb of fire
 93163 | Zig:19   | Noticed an orb of fire
 93164 | Zig:19   | Noticed an orb of fire
 93166 | Zig:19   | Killed an orb of fire
 93169 | Zig:19   | Killed an orb of fire
 93411 | Zig:19   | Found the +4 moon troll leather armour {Spirit, Regen++ MP+5}
 93417 | Zig:19   | Identified the Volume of the Arsonist and Illusion
 93419 | Zig:19   | Identified the Almanac of the Frostbite
 93431 | Zig:19   | Got a crude pewter ring
 93485 | Zig:19   | Identified the ring "Onoanese" {rElec rPois Str+8 Int-5} (You found it on level 19 of a ziggurat)
 93642 | Zig:20   | Entered Level 20 of a ziggurat
 93746 | Zig:21   | Entered Level 21 of a ziggurat
 93774 | Zig:21   | Reached skill level 10 in Staves
 93791 | Zig:21   | Found the +3 crown of Dyrovepreva {rElec Int+2 SInv}
 93803 | Zig:21   | Identified the ring "Lerionti" {rC+ rN+ Str+2} (You found it on level 21 of a ziggurat)
 93805 | Zig:21   | Identified Sif Muna's Collected Works on the Creative Frostbite
 93859 | Zig:21   | Identified the cursed +0 pair of boots of Miracles {MR+} (You found it on level 21 of a ziggurat)
 93890 | Zig:22   | Entered Level 22 of a ziggurat
 93929 | Zig:22   | Found the +12 glaive of Prune {chop}
 93949 | Zig:22   | Identified Cesugazo's Collected Works on the Traveller
 93954 | Zig:22   | Identified the ring "Iraon" {MR+ Str+3} (You found it on level 22 of a ziggurat)
 93957 | Zig:22   | Identified the ring of Uteshraum {rPois MR- MP+9 Int+4 Slay+2} (You found it on level 22 of a ziggurat)
 93975 | Zig:23   | Entered Level 23 of a ziggurat
 93997 | Zig:23   | Reached skill level 27 in Conjurations
 94064 | Zig:23   | Identified the Disquisition on the Feathery Rocks
 94110 | Zig:24   | Entered Level 24 of a ziggurat
 94126 | Zig:24   | Upgraded the game from 0.22-a0-460-g49b1da7 to 0.22-a0-467-g5c5de1c
 94231 | Zig:24   | Found the +10 large shield of Ignorance {rN+ Int-4}
 94232 | Zig:24   | Found the +9 scales of the Dragon King {rPois rF+ rC+ MR+}
 94299 | Zig:24   | Identified the Handbook of Snow and Evil
 94517 | Zig:25   | Entered Level 25 of a ziggurat
 94535 | Zig:25   | Reached skill level 1 in Armour
 94577 | Zig:25   | Reached skill level 5 in Armour
 94779 | Zig:26   | Entered Level 26 of a ziggurat
 94891 | Zig:26   | Found the +5 demon whip "Spellbinder" {antimagic, MR+}
 94892 | Zig:26   | Found the +8 Wrath of Trog {antimagic, *Rage}
 94917 | Zig:26   | Identified the Disquisition on Sinister Rituals
 94947 | Zig:26   | Identified the ring of Kawaet {Wiz Dex+4} (You found it on level 26 of a ziggurat)
 94966 | Zig:26   | Identified the amulet of Balance {Spirit Int+5} (You found it on level 26 of a ziggurat)
 94988 | Zig:27   | Entered Level 27 of a ziggurat
 95085 | Zig:27   | Found the +10 dark maul {crush}
 95104 | Zig:27   | Got an ancient steel ring
 95130 | Zig:27   | Identified the ring "Ahoigaef" {rPois rF- rC+ rN++ Int+6 Dex-3} (You found it on level 27 of a ziggurat)
 95153 | Zig:27   | Reached skill level 10 in Armour
 95153 | Zig:27   | Reached skill level 27 in Fire Magic
 95165 | Zig:27   | Learned a level 9 spell: Shatter
 95173 | Zig:27   | Got a slimy bone ring
 95175 | Zig:27   | Identified the ring "Fiphes" {rElec Int+5 Stlth+} (You found it on level 27 of a ziggurat)
 95218 | Zig:27   | Identified the cursed +0 ring mail of the Skies Above {Str+4} (You found it on level 27 of a ziggurat)
 95809 | Crypt:1  | Entered Level 1 of the Crypt
 95836 | Crypt:1  | Reached skill level 1 in Evocations
 96552 | Crypt:2  | Reached skill level 27 in Dodging
 96628 | Crypt:2  | Reached skill level 5 in Evocations
 96985 | Crypt:3  | Entered Level 3 of the Crypt
 96994 | Crypt:3  | Reached skill level 1 in Shields
 97098 | Crypt:3  | Noticed an ancient lich
 97101 | Crypt:3  | Killed an ancient lich
 97154 | Crypt:3  | Noticed an ancient lich
 97154 | Crypt:3  | Noticed an ancient lich
 97156 | Crypt:3  | Killed an ancient lich
 97156 | Crypt:3  | Reached skill level 5 in Shields
 97156 | Crypt:3  | Killed an ancient lich
 97174 | Crypt:3  | Got a glittering glass ring
 97174 | Crypt:3  | Got a translucent granite ring
 97229 | Crypt:3  | Found a staircase to the Tomb.
 97758 | Crypt:3  | Identified the ring of Zujaissikk {+Inv rN+ Int+5} (You found it on level 3 of the Crypt)
 97760 | Crypt:3  | Identified the ring "Edoybud" {rElec rN+} (You found it on level 3 of the Crypt)
 97786 | Tomb:1   | Entered Level 1 of the Tomb of the Ancients
 98246 | Tomb:1   | Noticed a greater mummy
 98250 | Tomb:1   | Killed a greater mummy
 98251 | Tomb:1   | Noticed a greater mummy
 98254 | Tomb:1   | Killed a greater mummy
 98631 | Tomb:2   | Noticed a greater mummy
 98632 | Tomb:2   | Noticed a greater mummy
 98632 | Tomb:2   | Noticed a greater mummy
 98632 | Tomb:2   | Noticed a greater mummy
 98633 | Tomb:2   | Noticed a greater mummy
 98653 | Tomb:2   | Killed a greater mummy
 98653 | Tomb:2   | Reached skill level 15 in Necromancy
 98655 | Tomb:2   | Killed a greater mummy
 98656 | Tomb:2   | Killed a greater mummy
 98656 | Tomb:2   | Reached skill level 10 in Evocations
 98659 | Tomb:2   | Killed a greater mummy
 98669 | Tomb:2   | Killed a greater mummy
 98770 | Tomb:2   | Got a sparkling lapis lazuli ring
 98771 | Tomb:2   | Identified the ring of the Endless Expanse {MR+ Str+3 Int+3 Dex+3} (You acquired it on level 2 of the Tomb of the Ancients)
 99116 | Tomb:2   | Learned a level 5 spell: Lee's Rapid Deconstruction
 99712 | Tomb:1   | Noticed a greater mummy
 99717 | Tomb:1   | Killed a greater mummy
 99721 | Tomb:1   | Noticed a greater mummy
 99726 | Tomb:1   | Killed a greater mummy
 99727 | Tomb:1   | Noticed a greater mummy
 99731 | Tomb:1   | Killed a greater mummy
 99731 | Tomb:1   | Reached skill level 10 in Shields
 99731 | Tomb:1   | Noticed a greater mummy
 99733 | Tomb:1   | Noticed a greater mummy
 99737 | Tomb:1   | Killed a greater mummy
 99739 | Tomb:1   | Noticed a greater mummy
 99741 | Tomb:1   | Killed a greater mummy
 99742 | Tomb:1   | Killed a greater mummy
 99898 | Tomb:1   | Noticed a greater mummy
 99901 | Tomb:1   | Killed a greater mummy
 99901 | Tomb:1   | Lost strength.
 99910 | Tomb:1   | Noticed a greater mummy
 99912 | Tomb:1   | Killed a greater mummy
 99992 | Tomb:1   | Noticed a greater mummy
 99995 | Tomb:1   | Killed a greater mummy
100037 | Tomb:1   | Noticed a greater mummy
100037 | Tomb:1   | Noticed a greater mummy
100040 | Tomb:1   | Killed a greater mummy
100040 | Tomb:1   | Killed a greater mummy
100143 | Tomb:1   | Noticed a greater mummy
100145 | Tomb:1   | Killed a greater mummy
100249 | Tomb:1   | Noticed a greater mummy
100253 | Tomb:1   | Killed a greater mummy
100270 | Tomb:1   | Noticed a greater mummy
100273 | Tomb:1   | Killed a greater mummy
100273 | Tomb:1   | Noticed a greater mummy
100274 | Tomb:1   | Killed a greater mummy
100291 | Tomb:1   | Noticed a greater mummy
100309 | Tomb:1   | Killed a greater mummy
100437 | Tomb:1   | Noticed a greater mummy
100440 | Tomb:1   | Killed a greater mummy
100440 | Tomb:1   | Reached skill level 1 in Earth Magic
101220 | Zot:5    | Noticed an orb of fire
101224 | Zot:5    | Killed an orb of fire
101333 | Zot:5    | Noticed an ancient lich
101338 | Zot:5    | Killed an ancient lich
101350 | Zot:5    | Noticed an orb of fire
101357 | Zot:5    | Killed an orb of fire
101357 | Zot:5    | Reached skill level 5 in Earth Magic
101372 | Zot:5    | Noticed an orb of fire
101375 | Zot:5    | Killed an orb of fire
101417 | Zot:5    | Noticed an ancient lich
101420 | Zot:5    | Killed an ancient lich
101836 | Zot:5    | Noticed an ancient lich
101838 | Zot:5    | Killed an ancient lich
101904 | Zot:5    | Paralysed by the power of Zot for 4 turns
102361 | Zot:5    | Noticed an orb of fire
102366 | Zot:5    | Killed an orb of fire
102366 | Zot:5    | Reached skill level 10 in Earth Magic
103115 | Hell     | Entered the Vestibule of Hell
103115 | Hell     | Noticed Geryon
103121 | Hell     | Killed Geryon
103294 | Hell     | Found a gateway to the ashen valley of Gehenna.
103458 | Hell     | Found a gateway to the decaying netherworld of Tartarus.
103513 | Hell     | Found a gateway to the freezing wastes of Cocytus.
103609 | Hell     | Found a gateway to the Iron City of Dis.
103781 | Depths:2 | Voluntarily entered the Abyss.
103788 | Abyss:1  | Found a corrupted altar of Lugonu.
104907 | Abyss:3  | Got an abyssal rune of Zot
104947 | Abyss:3  | Found a corrupted altar of Lugonu.
104986 | Depths:2 | Escaped the Abyss
105067 | Depths:2 | Learned a level 8 spell: Lehudib's Crystal Spear
105725 | Elf:2    | Noticed Jorgrun
105727 | Elf:2    | Killed Jorgrun
106757 | Tomb:3   | Entered Level 3 of the Tomb of the Ancients
106774 | Tomb:3   | Noticed a greater mummy
106776 | Tomb:3   | Noticed a greater mummy
106777 | Tomb:3   | Killed a greater mummy
106921 | Tomb:3   | Noticed an ancient lich
106923 | Tomb:3   | Reached skill level 15 in Earth Magic
106924 | Tomb:3   | Killed an ancient lich
106924 | Tomb:3   | Noticed a greater mummy
106924 | Tomb:3   | Killed a greater mummy
106925 | Tomb:3   | Noticed a greater mummy
106926 | Tomb:3   | Killed a greater mummy
106927 | Tomb:3   | Killed a greater mummy
106944 | Tomb:3   | Noticed a greater mummy
106946 | Tomb:3   | Killed a greater mummy
107037 | Tomb:3   | Identified Fairux's Collected Works on Dusty Glamour
107081 | Tomb:3   | Noticed a greater mummy
107084 | Tomb:3   | Killed a greater mummy
107094 | Tomb:3   | Noticed Khufu
107096 | Tomb:3   | Got a golden rune of Zot
107096 | Tomb:3   | Noticed a greater mummy
107127 | Tomb:3   | Killed a greater mummy
107330 | Tomb:3   | Got a ripped robe
107331 | Tomb:3   | Identified the +1 robe "Caip Olu" {MP+9} (You found it on level 3 of the Tomb of the Ancients)
107395 | Tomb:3   | Killed Khufu
107465 | Tomb:3   | Upgraded the game from 0.22-a0-467-g5c5de1c to 0.22-a0-469-gf26638a
107948 | Zig:1    | Entered Level 1 of a ziggurat
107990 | Zig:2    | Entered Level 2 of a ziggurat
108038 | Zig:3    | Entered Level 3 of a ziggurat
108045 | Zig:3    | Noticed Nadahid the pandemonium lord
108047 | Zig:3    | Killed Nadahid the pandemonium lord
108047 | Zig:3    | Reached skill level 10 in Translocations
108103 | Zig:4    | Entered Level 4 of a ziggurat
108159 | Zig:5    | Entered Level 5 of a ziggurat
108165 | Zig:5    | Noticed an orb of fire
108166 | Zig:5    | Noticed an orb of fire
108175 | Zig:5    | Killed an orb of fire
108175 | Zig:5    | Killed an orb of fire
108208 | Zig:5    | Got a brightly glowing tin amulet
108209 | Zig:5    | Identified the amulet of Secrets {Inacc rElec} (You found it on level 5 of a ziggurat)
108254 | Zig:6    | Entered Level 6 of a ziggurat
108299 | Zig:7    | Entered Level 7 of a ziggurat
108376 | Zig:8    | Entered Level 8 of a ziggurat
108381 | Zig:8    | Found the +8 demon blade "Bloodbane" {slice, *Rage +Rage Stlth-}
108408 | Zig:8    | Identified Xoax's Grimoire of Transmutation and the Glacier
108444 | Zig:9    | Entered Level 9 of a ziggurat
108492 | Zig:9    | Got a glittering golden ring
108493 | Zig:9    | Identified the Handbook of the Marlin
108505 | Zig:9    | Identified the ring "Leararcha" {-Tele rElec rN++ AC+2 Str+3 Stlth+} (You found it on level 9 of a ziggurat)
108523 | Zig:10   | Entered Level 10 of a ziggurat
108561 | Zig:10   | Found the -2 hat of the Alchemist {rElec rPois rF+ rC+ rN+ MR+ rMut rCorr}
108595 | Zig:11   | Entered Level 11 of a ziggurat
108612 | Zig:11   | Noticed Puskuan the pandemonium lord
108614 | Zig:11   | Killed Puskuan the pandemonium lord
108673 | Zig:11   | Got a glittering granite ring
108684 | Zig:11   | Got a twitching pewter amulet
108698 | Zig:11   | Learned a level 8 spell: Controlled Blink
108699 | Zig:11   | Got an ancient quarterstaff
108700 | Zig:11   | Identified the cursed +0 quarterstaff of the Undead {freeze, rPois rC+ Stlth+} (You found it on level 11 of a ziggurat)
108717 | Zig:12   | Entered Level 12 of a ziggurat
108725 | Zig:12   | Noticed an orb of fire
108727 | Zig:12   | Noticed an orb of fire
108729 | Zig:12   | Noticed an orb of fire
108731 | Zig:12   | Killed an orb of fire
108731 | Zig:12   | Reached skill level 15 in Shields
108732 | Zig:12   | Killed an orb of fire
108735 | Zig:12   | Killed an orb of fire
108760 | Zig:12   | Found the +9 staff of Olgreb {rPois}
108766 | Zig:12   | Got a crude jade ring
108830 | Zig:13   | Entered Level 13 of a ziggurat
108848 | Zig:13   | Reached skill level 15 in Translocations
108849 | Zig:13   | Noticed a greater mummy
108852 | Zig:13   | Killed a greater mummy
108927 | Zig:13   | Found the +8 orange crystal plate armour {Archmagi, Int+3 Clar}
108943 | Zig:13   | Identified the Collected Works on Calling
108951 | Zig:13   | Identified the Grimoire of Supportive Flight
108989 | Zig:13   | Identified the ring of Dakuqo {rF+ Int+3} (You found it on level 12 of a ziggurat)
108992 | Zig:13   | Identified the ring of Attuwn {rF+ rC+ rN+ Str+3 Int+5} (You found it on level 11 of a ziggurat)
108994 | Zig:13   | Identified the amulet of Loimp {+Rage Int+3} (You found it on level 11 of a ziggurat)
109019 | Zig:13   | Got a translucent brass amulet
109021 | Zig:13   | Identified the amulet of Fallacy {Regen+ Int+3 Dex+2} (You found it on level 13 of a ziggurat)
109088 | Zig:13   | Got a pair of blackened gloves
109099 | Zig:13   | Identified the +2 pair of gloves "Tushuad" {rF+ MR+} (You acquired it on level 13 of a ziggurat)
109284 | Zig:14   | Entered Level 14 of a ziggurat
109403 | Zig:14   | Found the +4 arc blade {discharge, rElec}
109437 | Zig:14   | Identified the cursed +0 quarterstaff "Diuq" {antimagic, Dex+4} (You found it on level 14 of a ziggurat)
109475 | Zig:15   | Entered Level 15 of a ziggurat
109536 | Zig:15   | Identified the +2 robe "Zaerefra" {rElec rC+ MR+ Int+3} (You found it on level 15 of a ziggurat)
109563 | Zig:16   | Entered Level 16 of a ziggurat
109639 | Zig:16   | Identified the +7 lajatang of Righteous Anger {holy, SInv} (You found it on level 16 of a ziggurat)
109676 | Zig:17   | Entered Level 17 of a ziggurat
109718 | Zig:17   | Found the +8 trident of the Octopus King {venom, rElec rPois MR+}
109719 | Zig:17   | Found the +11 plutonium sword {*Contam Stlth-}
109736 | Zig:17   | Identified the Catalogue of Ensnaring Conjuration
109740 | Zig:17   | Got a smoking copper amulet
109781 | Zig:18   | Entered Level 18 of a ziggurat
109792 | Zig:18   | Reached skill level 15 in Evocations
109829 | Zig:18   | Identified the Papyrus of Assistive Conjuration
109855 | Zig:19   | Entered Level 19 of a ziggurat
109932 | Zig:19   | Got a scintillating jade ring
109933 | Zig:19   | Identified the amulet of Uhonn {rN+++ Regen+ Str-3 Slay-4 SInv} (You found it on level 17 of a ziggurat)
109934 | Zig:19   | Identified the ring "Leicsety" {rF+ Int+2} (You found it on level 19 of a ziggurat)
109949 | Zig:19   | Identified Qaogod's Handbook of Congealing Illusion
109971 | Zig:20   | Entered Level 20 of a ziggurat
109977 | Zig:20   | Noticed an ancient lich
109980 | Zig:20   | Killed an ancient lich
109987 | Zig:20   | Noticed an ancient lich
109988 | Zig:20   | Killed an ancient lich
109992 | Zig:20   | Killed an ancient lich
109998 | Zig:20   | Noticed an ancient lich
110000 | Zig:20   | Killed an ancient lich
110009 | Zig:20   | Found the amulet of the Air {Inacc +Fly rElec EV+5 RMsl}
110015 | Zig:20   | Identified Uhiateic's Almanac of the Frostbite and Heat
110056 | Zig:21   | Entered Level 21 of a ziggurat
110066 | Zig:21   | Noticed a greater mummy
110067 | Zig:21   | Noticed a greater mummy
110069 | Zig:21   | Killed a greater mummy
110069 | Zig:21   | Killed a greater mummy
110074 | Zig:21   | Noticed a greater mummy
110078 | Zig:21   | Killed a greater mummy
110078 | Zig:21   | Noticed a greater mummy
110082 | Zig:21   | Killed a greater mummy
110085 | Zig:21   | Noticed a greater mummy
110086 | Zig:21   | Noticed a greater mummy
110087 | Zig:21   | Noticed a greater mummy
110090 | Zig:21   | Noticed a greater mummy
110091 | Zig:21   | Noticed a greater mummy
110094 | Zig:21   | Noticed a greater mummy
110102 | Zig:21   | Noticed a greater mummy
110103 | Zig:21   | Found the +0 Maxwell's etheric cage {RegenMP+ *Contam rElec MP+4}
110109 | Zig:21   | Killed a greater mummy
110113 | Zig:21   | Killed a greater mummy
110118 | Zig:21   | Killed a greater mummy
110121 | Zig:22   | Entered Level 22 of a ziggurat
110321 | Zig:22   | Found the amulet of Vitality {Regen+ HP+15}
110331 | Zig:22   | Identified the Guide on the Dark Glacier
110333 | Zig:22   | Identified Bipsura's Almanac of the Entrancing Entourage
110395 | Zig:23   | Entered Level 23 of a ziggurat
110401 | Zig:23   | Noticed Moump the pandemonium lord
110405 | Zig:23   | Killed Moump the pandemonium lord
110406 | Zig:23   | Noticed Tustuin the pandemonium lord
110407 | Zig:23   | Noticed Miumaik the pandemonium lord
110408 | Zig:23   | Noticed Ihokkuis the pandemonium lord
110409 | Zig:23   | Killed Tustuin the pandemonium lord
110409 | Zig:23   | Noticed Ritraehiast the pandemonium lord
110409 | Zig:23   | Killed Miumaik the pandemonium lord
110410 | Zig:23   | Noticed Hirus the pandemonium lord
110410 | Zig:23   | Noticed Dununec the pandemonium lord
110410 | Zig:23   | Noticed Wycweny the pandemonium lord
110411 | Zig:23   | Noticed Corynio the pandemonium lord
110412 | Zig:23   | Killed Doecel the pandemonium lord
110412 | Zig:23   | Noticed Focagess the pandemonium lord
110412 | Zig:23   | Noticed Xojum the pandemonium lord
110412 | Zig:23   | Noticed Acarraah the pandemonium lord
110413 | Zig:23   | Noticed Ahaefa the pandemonium lord
110413 | Zig:23   | Noticed Heuluow the pandemonium lord
110413 | Zig:23   | Noticed Eporiocy the pandemonium lord
110413 | Zig:23   | Noticed Veetiyz the pandemonium lord
110413 | Zig:23   | Noticed Uzxor the pandemonium lord
110413 | Zig:23   | Noticed Colluwno the pandemonium lord
110414 | Zig:23   | Killed Xojum the pandemonium lord
110415 | Zig:23   | Noticed Abaofu the pandemonium lord
110606 | D:7      | Bought a potion of heal wounds for 80 gold pieces
110606 | D:7      | Bought a potion of haste for 160 gold pieces
110606 | D:7      | Bought a potion of curing for 48 gold pieces
110606 | D:7      | Bought a potion of haste for 160 gold pieces
110606 | D:7      | Bought a potion of curing for 48 gold pieces
110606 | D:7      | Bought a potion of haste for 160 gold pieces
111622 | Coc:1    | Entered Level 1 of Cocytus
112236 | Coc:1    | Reached skill level 27 in Fighting
112465 | Coc:1    | Gained mutation: You expend magic power (3 MP) to strengthen your wands. [mutagenic glow]
113630 | Coc:2    | Gained mutation: Armour fits poorly on your strangely shaped body. [mutagenic glow]
113674 | Coc:2    | Gained mutation: You are occasionally teleported next to monsters. [mutagenic glow]
114682 | Coc:7    | Entered Level 7 of Cocytus
115007 | Coc:7    | Got a twitching golden ring
115012 | Coc:7    | Noticed Antaeus
115065 | Coc:7    | Killed Antaeus
115192 | Coc:7    | Got a warped jade ring
115281 | Coc:7    | Got an icy rune of Zot
115408 | Coc:7    | Got a pitted troll leather armour
115436 | Coc:7    | Identified the cursed +1 troll leather armour of Bomnanep {Regen+ Str+6} (You found it on level 7 of Cocytus)
115438 | Coc:7    | Identified the ring of Xom's Capriciousness {rElec rPois Int-4 Dex+6 Stlth+} (You took it off a frost giant on level 7 of Cocytus)
115756 | Lair:1   | Lost mutation: Your spells are a little easier to cast, but a little less powerful. [potion of mutation]
115756 | Lair:1   | Lost mutation: You expend magic power (3 MP) to strengthen your wands. [potion of mutation]
115756 | Lair:1   | Lost mutation: Armour fits poorly on your strangely shaped body. [potion of mutation]
115756 | Lair:1   | Gained mutation: Your magical capacity is low. (-10% MP) [potion of mutation]
115756 | Lair:1   | Gained mutation: You have large cloven feet. [potion of mutation]
115757 | Lair:1   | Lost mutation: Your magical capacity is low. (-10% MP) [potion of mutation]
115757 | Lair:1   | Lost mutation: You are occasionally teleported next to monsters. [potion of mutation]
115757 | Lair:1   | Lost mutation: You have large cloven feet. [potion of mutation]
115757 | Lair:1   | Gained mutation: You can translocate small distances at will. [potion of mutation]
115767 | Lair:1   | Identified the ring "Tischoohi" {Fire rElec Int+4} (You took it off a skeletal warrior on level 7 of Cocytus)
116004 | Pan      | Entered Pandemonium
116154 | Pan      | Noticed Jiuruor the pandemonium lord
116158 | Pan      | Killed Jiuruor the pandemonium lord
116178 | Pan      | Got a demonic rune of Zot
116205 | Pan      | Reached skill level 27 in Evocations
116216 | Pan      | Learned a level 8 spell: Necromutation
116236 | Pan      | Reached skill level 1 in Transmutations
116626 | Pan      | Reached skill level 5 in Transmutations
117116 | Pan      | Noticed Rulul the pandemonium lord
117124 | Pan      | Killed Rulul the pandemonium lord
117124 | Pan      | Reached skill level 10 in Transmutations
117808 | Pan      | Noticed Noeghez the pandemonium lord
117813 | Pan      | Killed Noeghez the pandemonium lord
117823 | Pan      | Found an exit through the horrors of the Abyss.
118341 | Pan      | Noticed Xev Ics the pandemonium lord
118346 | Pan      | Killed Xev Ics the pandemonium lord
118346 | Pan      | Reached skill level 15 in Transmutations
118789 | Pan      | Noticed Genk the pandemonium lord
118845 | Pan      | Killed Genk the pandemonium lord
119037 | Pan      | Killed from afar by a Hell Sentinel

Vault maps used:
D:1:      nzn_arrival_water_spiral
D:2:      nicolae_gozag_seed_capital
D:3:      kennysheep_small_spiral, cheibrodos_ashenzari_chains
D:4:      minitemple, temple_fountains, first_ration,
          cheibrodos_sewer_entry_bend, tgw_trog, uniq_grinder
D:5:      serial_shops, nicolae_shop_trees, chei_slow_surprise
D:6:      kennysheep_mini, marbit_many_paths
D:7:      serial_shops, shop
D:8:      due_lair_maze_entry_diamond, hangedman_ranch, uniq_psyche, uniq_grum,
          uniq_joseph, uniq_prince_ribbit1, uniq_pikel
D:10:     minmay_the_grid_triangle_9x9_rhombus_full, orc_0_dummy
D:11:     hangedman_weighted_door, uniq_snorg
D:12:     uniq_nergalle
D:13:     portal_ice_cave_entry_pillars_1
D:14:     grunt_vaults_entry_fortified, nicolae_trove_entry_crossroad,
          uniq_nessos, uniq_roxanne
D:15:     grunt_enter_depths_giant_problem, hangedman_decor_riveting
Temple:   dshaligram_water_room_temple
Lair:2:   swamp_mist_pool, spider_nest_entry_funnel_web,
          grunt_forest_large_clearings, grunt_megastairs_2
Lair:3:   serial_bayou_lagoon_b, grunt_megastairs_3
Lair:4:   beast_lair_carwin_1
Lair:5:   serial_bayou_shore_a, serial_bayou_shore_b, serial_bayou_shore_b,
          infiniplex_staircase_pool_2
Lair:6:   grunt_lair_end_beastmaster, slime_altar_1
Swamp:1:  evilmike_swamp_ruin_house_6
Swamp:2:  nicolae_swamp_very_dense_foliage
Swamp:3:  evilmike_swamp_ruin_house_1
Swamp:4:  swamp_vile
Spider:1: uniq_louise
Spider:2: spider_trap
Spider:3: nicolae_spider_nook, uniq_aizul
Spider:4: grunt_spider_rune_circles
Slime:1:  basic_altar, nicolae_slime_phagocytosis
Slime:3:  nicolae_slime_barrier
Slime:4:  dissolution_awaits
Orc:1:    serial_shops, nicolae_shop_crystal, mines2_david
Orc:2:    st_orc_congregation, uniq_rupert, uniq_donald
Elf:1:    elf_arrival_001, serial_shops, bzr_entry_customers,
          hangedman_elf_represent, uniq_asterion
Elf:2:    serial_shops, shop, kilobyte_rumbling_trees, lemuel_elevator,
          basic_stair_grate_trap, uniq_agnes, uniq_jorgrun
Elf:3:    grunt_elf_hall_branching, serial_shops, nicolae_shop_behind_doors,
          grunt_ministairs_6
Vaults:1: v_misc_4, nicolae_vaults_network_quinsquares, v_misc_18,
          nicolae_vaults_arrows, vaults_room_door_ring, hangedman_vaults_trim,
          vaults_dpeg_ring, nicolae_vaults_network_periphery
Vaults:2: ontoclasm_vaults_gateway, v_misc_25, vaults_room_door_hall, v_misc_8,
          minmay_crypt_entry_simple_plaza, nicolae_vaults_twisting_passages,
          hangedman_vaults_capsules, serial_shops, nicolae_shop_waterfront,
          uniq_margery
Vaults:3: v_pattern_1, ontoclasm_vaults_eye, nicolae_vaults_alarming,
          nicolae_vaults_asterisk, v_misc_16, nicolae_vaults_network_barrier,
          grunt_vaults_swirl, hangedman_vaults_snaps, ontoclasm_vaults_shuriken,
          vaults_room_grid, ontoclasm_vaults_decontamination, serial_shops,
          nicolae_shop_stone
Vaults:4: nicolae_vaults_display_case, v_misc_23,
          nicolae_vaults_little_squares_1, v_misc_27, hangedman_vaults_nails,
          vaults_mumra_minichess, grunt_vaults_twisty, vaults_mumra_hex,
          nicolae_vaults_network_square, nicolae_vaults_theta,
          vaults_dpeg_hooks, vaults_dpeg_diagonal, serial_ice_g, basic_altar
Crypt:1:  minmay_skeleton_keep
Crypt:3:  david_glass_crypt
Depths:1: hell_entry, basic_loot_grate_trap, tso_metal_star, minmay_shoptagon
Depths:2: hangedman_six_sided_sadism, enter_ziggurat_f, abyss_entry_flame_altar,
          grunt_hell_horde, spider_trap, kennysheep_generic_room_13,
          minmay_shop_grove, infiniplex_staircase_zigzag_5
Depths:3: vault_1, serial_co_window_serial, co_window_corner_a,
          co_window_of_opportunity_a, co_window_paths_b, co_window_paths_a,
          co_window_corner_a, co_window_cross_1, co_window_corner_a,
          co_window_corner_ca, co_window_unsneaky_path_b, glass_columns_b,
          glass_columns_b, glass_columns_c, hell_entry, abyss_entry_crystal,
          pan_entry, uniq_frederick
Depths:4: cheibrodos_witchhunters_guild, serial_shops, bzr_entry_gold,
          abyss_entry, hell_entry, infiniplex_staircase_zigzag_1,
          basic_stair_grate_trap
Depths:5: hangedman_spin_cycle, pan_entry, hell_entry, uniq_jory
Coc:7:    coc_hangedman
Zot:3:    minmay_elemental_castle, hangedman_zot_decor_scrapings
Zot:4:    gammafunk_dig_for_victory, uniq_tiamat
Abyss:3:  doesnt_abyss_rune_brain_food
Pan:      grunt_pan_frozen_over, lemuel_hall_of_pain, pan_blood_fountain,
          evilmike_mini_pan_thingy, rand_demon_4, pan_disco_hall,
          pan_blood_fountain, reaverb_pan_figure_eight
Zig:5:    ziggurat_pillar_centre_dead_trees
Zig:15:   ziggurat_pillar_centre_c
Zig:19:   ziggurat_pillar_centre_smoke
Zig:21:   ziggurat_pillar_centre_oklobs, ziggurat_pillar_centre_drop
Zig:23:   ziggurat_pillar_centre_more_plants
Bazaar:   bazaar_minmay_challenge, bazaar_jpeg_circle_rare_4
Trove:    trove_garden
IceCv:    ice_cave_statue_garden_transporter

Skill      XL: |  1  2  3  4  5  6  7  8  9 10 11 12 13 14 15 16 17 18 19 20 21 22 23 24 25 26 27 |
---------------+----------------------------------------------------------------------------------+-----
Conjurations   | 2 3 5 6 8 9 10 11 12 13 14 15 16 17 18 19 20 21 22 23 24 27 | 27.0
Fire Magic     | 4 5 6 7 9 10 11 12 13 14 15 16 17 18 19 20 21 22 27 | 27.0
Spellcasting   | 5 7 9 10 12 13 14 15 16 17 18 19 20 21 22 23 24 25 26 27 | 27.0
Dodging        | 4 7 9 10 12 13 14 15 16 17 18 27 | 27.0
Ice Magic      | 4 5 10 13 16 | 16.1
Charms         | 8 9 10 12 | 12.2
Air Magic      | 5 7 |  7.0
Translocations | 1 5 18 | 18.0
Fighting       | 4 5 7 9 10 11 12 27 | 27.0
Necromancy     | 5 10 18 | 18.0
Staves         | 14 | 14.0
Armour         | 11 | 11.3
Evocations     | 27 | 27.0
Shields        | 15 | 15.0
Earth Magic    | 21 | 21.9
Transmutations | 17 | 17.7
Stealth        | |  2.4

Action                   |  1- 3 |  4- 6 |  7- 9 | 10-12 | 13-15 | 16-18 | 19-21 | 22-24 | 25-27 || total
-------------------------+-------+-------+-------+-------+-------+-------+-------+-------+-------++-------
Melee: Unarmed           |     1 |       |       |       |       |       |       |       |       ||     1
       Staff             |       |       |     2 |    11 |     5 |       |       |       |    11 ||    29
       Lajatang          |       |       |       |       |       |       |       |       |     9 ||     9
       Quarterstaff      |       |       |       |       |       |       |       |       |     8 ||     8
 Cast: Flame Tongue      |    93 |    77 |   213 |    33 |    17 |     3 |     2 |       |       ||   438
       Conjure Flame     |       |     5 |    23 |    10 |    38 |       |     3 |       |       ||    79
       Fireball          |       |       |    21 |    98 |   205 |    82 |    19 |       |     2 ||   427
       Sticky Flame      |       |       |     2 |    28 |    35 |     2 |     2 |       |       ||    69
       Bolt of Fire      |       |       |       |   102 |   376 |   201 |   204 |    45 |    34 ||   962
       Bolt of Cold      |       |       |       |     9 |    18 |    20 |     3 |     5 |       ||    55
       Orb of Destructio |       |       |       |       |    19 |   132 |   167 |    56 |    70 ||   444
       Blink             |       |       |       |       |     3 |     3 |     6 |     6 |    14 ||    32
       Apportation       |       |       |       |       |     2 |    41 |    72 |    27 |   140 ||   282
       Deflect Missiles  |       |       |       |       |     1 |     6 |     1 |     2 |     1 ||    11
       Ignition          |       |       |       |       |       |    58 |    35 |    11 |    51 ||   155
       Sublimation of Bl |       |       |       |       |       |       |    17 |    60 |   359 ||   436
       Swiftness         |       |       |       |       |       |       |     1 |       |       ||     1
       Fire Storm        |       |       |       |       |       |       |   108 |   244 |  1947 ||  2299
       Regeneration      |       |       |       |       |       |       |     6 |    38 |   232 ||   276
       Ring of Flames    |       |       |       |       |       |       |       |    56 |   165 ||   221
       Glaciate          |       |       |       |       |       |       |       |       |   180 ||   180
       Lehudib's Crystal |       |       |       |       |       |       |       |       |   165 ||   165
       Lee's Rapid Decon |       |       |       |       |       |       |       |       |    86 ||    86
       Shatter           |       |       |       |       |       |       |       |       |    52 ||    52
       Controlled Blink  |       |       |       |       |       |       |       |       |    29 ||    29
       Dispel Undead     |       |       |       |       |       |       |       |       |     4 ||     4
 Abil: Blink             |       |       |       |       |       |       |       |       |     2 ||     2
Evoke: Wand              |       |       |       |       |       |     2 |    12 |     1 |    20 ||    35
       Crystal ball of e |       |       |       |       |       |       |       |       |   181 ||   181
       Figurine of a zig |       |       |       |       |       |       |       |       |     1 ||     1
  Use: Scroll            |     3 |     5 |     5 |     8 |    11 |     8 |    23 |    10 |    77 ||   150
       Potion            |       |       |       |     3 |     5 |     8 |     3 |     1 |    63 ||    83
  Eat: Chunk             |     3 |    11 |     8 |    24 |    53 |    15 |    56 |    27 |    28 ||   225
       Ration            |       |     1 |       |     2 |     3 |     8 |     8 |     1 |    30 ||    53
Armor: Robe              |     9 |     1 |    11 |    11 |    11 |    14 |    10 |    12 |    19 ||    98
       Troll leather arm |       |       |       |       |       |       |       |       |    85 ||    85
Dodge: Dodged            |    30 |    10 |    37 |   100 |   127 |   103 |   112 |    53 |   502 ||  1074
       Deflected         |       |       |       |       |     6 |    27 |    24 |    17 |    28 ||   102
Block: Buckler           |       |       |       |       |       |       |       |       |    10 ||    10

Table legend:
 A = Spawn XP
 B = Non-spawn XP
 C = Spawn XP percentage of total XP
 D = Spawn monster count
 E = Non-spawn monster count
 F = Spawn count percentage of total count
 G = Total turns spent on level
                    A         B        C        D         E        F      G
               +---------+---------+-------+---------+---------+-------+---------
         Total |   92254 | 4646036 |   1.9 |     140 |    5453 |   2.5 | 119037
               +---------+---------+-------+---------+---------+-------+---------
           D:1 |       0 |      36 |   0.0 |       0 |      20 |   0.0 |   865
           D:2 |       0 |      47 |   0.0 |       0 |      15 |   0.0 |   826
           D:3 |       0 |      34 |   0.0 |       0 |      14 |   0.0 |  1027
           D:4 |       0 |     661 |   0.0 |       0 |      25 |   0.0 |  1655
           D:5 |       0 |    1267 |   0.0 |       0 |      32 |   0.0 |  1776
           D:6 |       0 |    1153 |   0.0 |       0 |      28 |   0.0 |  1298
           D:7 |       0 |    2935 |   0.0 |       0 |      29 |   0.0 |  1974
           D:8 |       0 |    5733 |   0.0 |       0 |      47 |   0.0 |  2487
           D:9 |       0 |    1456 |   0.0 |       0 |      19 |   0.0 |  1093
          D:10 |       0 |   10510 |   0.0 |       0 |      58 |   0.0 |  3962
          D:11 |       0 |    5817 |   0.0 |       0 |      33 |   0.0 |  2056
          D:12 |       0 |   10671 |   0.0 |       0 |      51 |   0.0 |  2456
          D:13 |       0 |    5569 |   0.0 |       0 |      28 |   0.0 |  1314
          D:14 |       0 |   27364 |   0.0 |       0 |      60 |   0.0 |  3132
          D:15 |       0 |    6846 |   0.0 |       0 |      18 |   0.0 |  1564
        Lair:1 |       0 |    3854 |   0.0 |       0 |      23 |   0.0 |  3593
        Lair:2 |       0 |   11252 |   0.0 |       0 |      52 |   0.0 |  3144
        Lair:3 |       0 |    4950 |   0.0 |       0 |      22 |   0.0 |  1294
        Lair:4 |       0 |    4929 |   0.0 |       0 |      21 |   0.0 |  1263
        Lair:5 |       0 |    5300 |   0.0 |       0 |      21 |   0.0 |  2268
        Lair:6 |       0 |   21272 |   0.0 |       0 |      58 |   0.0 |  2427
       Swamp:1 |       0 |   12680 |   0.0 |       0 |      27 |   0.0 |  2199
       Swamp:2 |       0 |   24544 |   0.0 |       0 |      58 |   0.0 |  1523
       Swamp:3 |       0 |    8270 |   0.0 |       0 |      31 |   0.0 |  1616
       Swamp:4 |       0 |   34862 |   0.0 |       0 |      59 |   0.0 |  3037
      Spider:1 |       0 |    7877 |   0.0 |       0 |      21 |   0.0 |  1251
      Spider:2 |       0 |   26197 |   0.0 |       0 |      66 |   0.0 |   566
      Spider:3 |       0 |   22786 |   0.0 |       0 |      53 |   0.0 |  2168
      Spider:4 |       0 |   28358 |   0.0 |       0 |      55 |   0.0 |  3080
       Slime:1 |       0 |    9994 |   0.0 |       0 |      18 |   0.0 |   153
       Slime:2 |       0 |    8983 |   0.0 |       0 |      16 |   0.0 |    30
       Slime:3 |       0 |   21654 |   0.0 |       0 |      45 |   0.0 |   115
       Slime:4 |       0 |   24460 |   0.0 |       0 |      28 |   0.0 |   115
       Slime:5 |       0 |   44045 |   0.0 |       0 |      27 |   0.0 |   621
         Orc:1 |       0 |    7627 |   0.0 |       0 |      56 |   0.0 |  1101
         Orc:2 |       0 |   21358 |   0.0 |       0 |     112 |   0.0 |  4371
         Elf:1 |       0 |   30421 |   0.0 |       0 |      43 |   0.0 |  2366
         Elf:2 |       0 |   42592 |   0.0 |       0 |      58 |   0.0 |  1824
         Elf:3 |       0 |   76320 |   0.0 |       0 |      74 |   0.0 |  3852
      Vaults:1 |       0 |   28614 |   0.0 |       0 |      63 |   0.0 |  2416
      Vaults:2 |       0 |   47979 |   0.0 |       0 |      69 |   0.0 |  2001
      Vaults:3 |       0 |   45535 |   0.0 |       0 |      61 |   0.0 |  1620
      Vaults:4 |       0 |   78550 |   0.0 |       0 |     106 |   0.0 |  1989
      Vaults:5 |       0 |  177631 |   0.0 |       0 |     128 |   0.0 |  1711
       Crypt:1 |       0 |   49128 |   0.0 |       0 |      86 |   0.0 |   803
       Crypt:2 |       0 |   15176 |   0.0 |       0 |      24 |   0.0 |   550
       Crypt:3 |       0 |   64140 |   0.0 |       0 |      39 |   0.0 |   849
        Tomb:1 |       0 |  173059 |   0.0 |       0 |      98 |   0.0 |  2316
        Tomb:2 |       0 |   49487 |   0.0 |       0 |      70 |   0.0 |  1439
        Tomb:3 |       0 |   92541 |   0.0 |       0 |      97 |   0.0 |   580
      Depths:1 |       0 |   45039 |   0.0 |       0 |      50 |   0.0 |  1422
      Depths:2 |       0 |   78186 |   0.0 |       0 |      90 |   0.0 |  1752
      Depths:3 |       0 |   56144 |   0.0 |       0 |      61 |   0.0 |  1897
      Depths:4 |       0 |   72379 |   0.0 |       0 |      72 |   0.0 |  1566
      Depths:5 |       0 |   99366 |   0.0 |       0 |      79 |   0.0 |  1168
          Hell |       0 |   63866 |   0.0 |       0 |      99 |   0.0 |   616
         Coc:1 |       0 |   30841 |   0.0 |       0 |      52 |   0.0 |  1355
         Coc:2 |       0 |   76538 |   0.0 |       0 |     105 |   0.0 |  1340
         Coc:3 |       0 |   25056 |   0.0 |       0 |      22 |   0.0 |    52
         Coc:4 |       0 |    6524 |   0.0 |       0 |      18 |   0.0 |    54
         Coc:5 |       0 |   11773 |   0.0 |       0 |      44 |   0.0 |   118
         Coc:6 |       0 |   18930 |   0.0 |       0 |      35 |   0.0 |   139
         Coc:7 |       0 |  160040 |   0.0 |       0 |     173 |   0.0 |   888
         Zot:1 |       0 |   20404 |   0.0 |       0 |      17 |   0.0 |  1058
         Zot:2 |       0 |   37663 |   0.0 |       0 |      23 |   0.0 |  1016
         Zot:3 |       0 |   54923 |   0.0 |       0 |      28 |   0.0 |  1652
         Zot:4 |       0 |  115852 |   0.0 |       0 |      59 |   0.0 |  1087
         Zot:5 |       0 |  168630 |   0.0 |       0 |      62 |   0.0 |  2113
       Abyss:2 |    4964 |    6963 |  41.6 |       4 |      17 |  19.0 |   265
       Abyss:3 |   36684 |   54843 |  40.1 |      71 |      88 |  44.7 |   901
           Pan |   50606 |  224043 |  18.4 |      65 |     197 |  24.8 |  3033
         Zig:1 |       0 |    4564 |   0.0 |       0 |       3 |   0.0 |    61
         Zig:2 |       0 |    6741 |   0.0 |       0 |       8 |   0.0 |    97
         Zig:3 |       0 |   20093 |   0.0 |       0 |      10 |   0.0 |   100
         Zig:4 |       0 |   10353 |   0.0 |       0 |      15 |   0.0 |    97
         Zig:5 |       0 |   30899 |   0.0 |       0 |      14 |   0.0 |   191
         Zig:6 |       0 |   33092 |   0.0 |       0 |      19 |   0.0 |   125
         Zig:7 |       0 |   29682 |   0.0 |       0 |      21 |   0.0 |   186
         Zig:8 |       0 |   32795 |   0.0 |       0 |      26 |   0.0 |   141
         Zig:9 |       0 |   51658 |   0.0 |       0 |      36 |   0.0 |   172
        Zig:10 |       0 |   37107 |   0.0 |       0 |      54 |   0.0 |   169
        Zig:11 |       0 |   67415 |   0.0 |       0 |      44 |   0.0 |   215
        Zig:12 |       0 |   69847 |   0.0 |       0 |      57 |   0.0 |   235
        Zig:13 |       0 |   40676 |   0.0 |       0 |      80 |   0.0 |  1255
        Zig:14 |       0 |   78331 |   0.0 |       0 |      67 |   0.0 |   311
        Zig:15 |       0 |   58559 |   0.0 |       0 |      96 |   0.0 |   208
        Zig:16 |       0 |   67914 |   0.0 |       0 |      87 |   0.0 |   229
        Zig:17 |       0 |   90991 |   0.0 |       0 |     112 |   0.0 |   257
        Zig:18 |       0 |   94933 |   0.0 |       0 |     111 |   0.0 |   309
        Zig:19 |       0 |  137763 |   0.0 |       0 |     103 |   0.0 |   624
        Zig:20 |       0 |  157383 |   0.0 |       0 |     104 |   0.0 |   189
        Zig:21 |       0 |  137648 |   0.0 |       0 |     119 |   0.0 |   209
        Zig:22 |       0 |  153654 |   0.0 |       0 |     120 |   0.0 |   359
        Zig:23 |       0 |  120007 |   0.0 |       0 |      75 |   0.0 |   159
        Zig:24 |       0 |   53132 |   0.0 |       0 |      79 |   0.0 |   407
        Zig:25 |       0 |   75727 |   0.0 |       0 |      82 |   0.0 |   262
        Zig:26 |       0 |   77827 |   0.0 |       0 |      77 |   0.0 |   209
        Zig:27 |       0 |   70890 |   0.0 |       0 |      73 |   0.0 |   252
         IceCv |       0 |    1828 |   0.0 |       0 |       8 |   0.0 |   141
               +---------+---------+-------+---------+---------+-------+---------
